Workbook
Name acceptable_use_policy: Disclaimer!#REF!
Name general_tc: Disclaimer!$A$61
Name privacy_policy: Disclaimer!$A$136

Sheet Disclaimer
A1: Disclaimer - Important notices
A4: (i) The Product Information displayed on this Site has been uploaded by the Issuers of the relevant Products. None of the information displayed on this Site shall form the basis of any contract. Any User of this Site will be required to acknowledge that it has not relied on, or been induced to enter into any contract by, any representation or warranty.
A5: (ii) The Covered Bond Label Foundation has not independently verified the Product Information displayed on this Site. Accordingly, no representation, warranty or undertaking, express or implied, is made, and no responsibility is accepted, by the Covered Bond Label Foundation as to or in relation to the accuracy or completeness or otherwise of such Product Information."
A6: (iii) The information provided on or accessible through the Site is not intended for distribution to, or use by, any person or entity in any jurisdiction where such distribution or use would be contrary to local law, or which would subject us or any Issuer, to any authorisation, registration or other requirement within such jurisdiction. You agree not to use or export the information or materials available on or through this Site in violation of laws in your jurisdiction.
A8: TERMS OF USE
A9: This website www.coveredbondlabel.com (the "Site") is owned and operated by the Covered Bond Label Foundation (the Covered Bond Label Foundation together with its affiliates, "we" or "us") a Private Foundation (fondation privée / private stichting) registered in Belgium; whose registered office is at Rue de la Science 14 - 1040 Brussels - Belgium and registered under number 500.950.659 (RPR/RPM Brussels).
A10: The Site is intended for use as a directory of information relating to certain covered bond products ("Products") (the "Product Information") by an issuer of ("Issuer"), or potential investor in ("Investor"), such Products (an Issuer, Investor, or any other person accessing this Site, each a "User" or "you"). The Product Information is provided by each relevant Issuer, and remains at all times the sole responsibility of the relevant Issuer. We have not independently verified any Product Information, nor reviewed whether any Product for which information is available on the Site actually is a covered bond product. This Site or any label made available through it does not constitute, nor contain, any form of credit rating, any offer to sell (or the solicitation of an offer to purchase) any Product, nor does it constitute a recommendation, or investment advice (or any other type of advice) upon which reliance should be placed.
A11: These terms and conditions together with the documents referred to in them set out the terms of use ("T&Cs") on which (a) an Issuer; (b) Investor; or (c) any other User, may make use of the Site. Section A applies primarily to Investors, and Section B applies primarily to Issuers. The General T&Cs in Section C apply to all Users.
A12: Our Acceptable Use Policy and Privacy Policy are incorporated into these T&Cs.
A13: Please read the T&Cs carefully before you start to use the Site. By clicking 'Accept' you indicate that you accept these T&Cs and that you agree to abide by them.
A14: If any provision of these T&Cs shall be deemed unlawful, void or for any reason unenforceable, then that provision shall be deemed severable from these terms and shall not affect the validity and enforceability of any remaining provisions.
A16: SECTION A. INVESTOR T&Cs
... A169: If you have any questions about this policy, the collection and use of your personal information or other privacy-specific concerns please contact us by clicking on Contact Us .

Sheet Introduction
F5: Harmonised Transparency Template
D6: 2024 Version
F7: Denmark
F8: Danske Bank A/S
F9: ReportingDate:[31-10-2024]
F10: Cut-offDate:[30-09-2024]
F22: Index
D24: Worksheet A: HTT General | E24: Tab 1: Harmonised Transparency Template
D26: Worksheet B1: HTT Mortgage Assets
D28: Worksheet B2: HTT Public Sector Assets | E28: Tab 1: Harmonised Transparency Template
D30: Worksheet B3: HTT Shipping Assets | E30: Tab 1: Harmonised Transparency Template
D32: Worksheet C: HTT Harmonised Glossary | E32: Tab 1: Harmonised Transparency Template
D34: Covered Bond Label Disclaimer | E34: Tab 1: Harmonised Transparency Template
D36: Worksheet D & Onwards (If Any): National Transparency Template
D38: Worksheet E: Optional ECB-ECAIs data
D40: Worksheet F1: Sustainable M data | E40: Tab 1: Harmonised Transparency Template
D42: Worksheet G1. Crisis M Payment Holidays

Sheet A. HTT General
A1: A. Harmonised Transparency Template - General Information | F1: HTT 2024
B3: Reporting in Domestic Currency | C3: DKK
B5: CONTENT OF TAB A
B6: 1. Basic Facts
B7: 2. Regulatory Summary
B8: 3. General Cover Pool / Covered Bond Information | F8: `
B9: 4. Compliance Art 14 CBD Check Table
B10: 5. References to Capital Requirements Regulation (CRR) 129(1)
B11: 6. Other relevant information
A13: Field Number | B13: 1. Basic Facts
A14: G.1.1.1 | B14: Country | C14: Denmark
A15: G.1.1.2 | B15: Issuer Name | C15: Danske Bank A/S
A16: G.1.1.3 | B16: Labelled Cover Pool Name | C16: Cover pool C
A17: G.1.1.4 | B17: Link to Issuer's Website | C17: https://danskebank.com/investor-relations/debt/cover-pools
A18: G.1.1.5 | B18: Cut-off date | C18: 30-09-2024
A19: OG.1.1.2 | B19: Optional information e.g. Contact names
A20: OG.1.1.3 | B20: Optional information e.g. Parent name
A21: OG.1.1.4
A22: OG.1.1.5
A23: OG.1.1.6
A24: OG.1.1.7
A25: OG.1.1.8
B26: 2. Regulatory Summary
A27: G.2.1.1 | B27: Basel Compliance, subject to national jursdiction (Y/N) | C27: Y
A28: G.2.1.2 | B28: CBD Compliance | C28: Y | M28: Y
A29: G.2.1.3 | B29: CRR Compliance (Y/N) | C29: Y | M29: N
A30: OG.2.1.1 | B30: LCR status | C30: https://coveredbondlabel.com/issuer/2-danske-bank-a-s | M30: Non-EEA, Art 14 CBD compliant
A31: OG.2.1.2
A32: OG.2.1.3
A33: OG.2.1.4
A34: OG.2.1.5
A35: OG.2.1.6
B36: 3. General Cover Pool / Covered Bond Information
B37: 1.General Information | C37: Nominal (mn)
A38: G.3.1.1 | B38: Total Cover Assets | C38: 46826.53
A39: G.3.1.2 | B39: Outstanding Covered Bonds | C39: 37645
A40: OG.3.1.1 | B40: Cover Pool Size [NPV] (mn) | C40: 47047.66
A41: OG.3.1.2 | B41: Outstanding Covered Bonds [NPV] (mn) | C41: 38222.84
A42: OG.3.1.3
A43: OG.3.1.4
B44: 2. Over-collateralisation (OC) | C44: Statutory | D44: Voluntary | F44: Contractual | G44: Purpose
A45: G.3.2.1 | B45: OC (%) | C45: 0.02 | D45: =IF(OR(C38="[For completion]",C39="[For completion]"),"Please complete G.3.1.1 and G.3.1.2",(C38/C39-1-MAX(C45,F45))) -> 0.22389773 | F45: 0.02 | G45: ND1
A47: G.3.2.3 | B47: Total OC (absolute value in mn) | C47: =IF(OR(C38="[For completion]",C39="[For completion]"),"", C38-C39) -> 9181.53
A48: OG.3.2.1
A49: OG.3.2.2 | B49: OC (%) [After hedging] | C49: =C45 -> 0.02 | D49: =(D130/D156)-1-MAX(C49,F49) -> 0.22853274 | F49: =F45 -> 0.02
A50: OG.3.2.3 | B50: Total OC (absolute value in mn) [After hedging]
A51: OG.3.2.4
B52: 3. Cover Pool Composition | C52: Nominal (mn) | F52: % Cover Pool
A53: G.3.3.1 | B53: Mortgages | C53: 46826.53 | F53: =IF($C$58=0,"",IF(C53="[for completion]","",C53/$C$58)) -> 1
A54: G.3.3.2 | B54: Public Sector | F54: =IF($C$58=0,"",IF(C54="[for completion]","",C54/$C$58)) -> 0
A55: G.3.3.3 | B55: Shipping | F55: =IF($C$58=0,"",IF(C55="[for completion]","",C55/$C$58)) -> 0
A56: G.3.3.4 | B56: Substitute Assets | C56: 0 | F56: =IF($C$58=0,"",IF(C56="[for completion]","",C56/$C$58)) -> 0
A57: G.3.3.5 | B57: Other | F57: =IF($C$58=0,"",IF(C57="[for completion]","",C57/$C$58)) -> 0
A58: G.3.3.6 | B58: Total | C58: =SUM(C53:C57) -> 46826.53 | F58: =SUM(F53:F57) -> 1
A59: OG.3.3.1 | B59: o/w [If relevant, please specify] | F59: =IF($C$58=0,"",IF(C59="[for completion]","",C59/$C$58)) -> 0
A60: OG.3.3.2 | B60: o/w [If relevant, please specify] | F60: =IF($C$58=0,"",IF(C60="[for completion]","",C60/$C$58)) -> 0
A61: OG.3.3.3 | B61: o/w [If relevant, please specify] | F61: =IF($C$58=0,"",IF(C61="[for completion]","",C61/$C$58)) -> 0
A62: OG.3.3.4 | B62: o/w [If relevant, please specify] | F62: =IF($C$58=0,"",IF(C62="[for completion]","",C62/$C$58)) -> 0
A63: OG.3.3.5 | B63: o/w [If relevant, please specify] | F63: =IF($C$58=0,"",IF(C63="[for completion]","",C63/$C$58)) -> 0
A64: OG.3.3.6 | B64: o/w [If relevant, please specify] | F64: =IF($C$58=0,"",IF(C64="[for completion]","",C64/$C$58)) -> 0
B65: 4. Cover Pool Amortisation Profile | C65: Contractual | D65: Expected Upon Prepayments | F65: % Total Contractual | G65: % Total Expected Upon Prepayments
A66: G.3.4.1 | B66: Weighted Average Life (in years) | C66: 4.42 | D66: ND1
B68: Residual Life (mn)
B69: By buckets:
A70: G.3.4.2 | B70: 0 - 1 Y | C70: 15592.51 | D70: ND1 | F70: =IF($C$77=0,"",IF(C70="[for completion]","",C70/$C$77)) -> 0.33298453 | G70: =IF($D$77=0,"",IF(D70="[Mark as ND1 if not relevant]","",D70/$D$77))
A71: G.3.4.3 | B71: 1 - 2 Y | C71: 14496.81 | D71: ND1 | F71: =IF($C$77=0,"",IF(C71="[for completion]","",C71/$C$77)) -> 0.3095854 | G71: =IF($D$77=0,"",IF(D71="[Mark as ND1 if not relevant]","",D71/$D$77))
A72: G.3.4.4 | B72: 2 - 3 Y | C72: 7717.33 | D72: ND1 | F72: =IF($C$77=0,"",IF(C72="[for completion]","",C72/$C$77)) -> 0.16480679 | G72: =IF($D$77=0,"",IF(D72="[Mark as ND1 if not relevant]","",D72/$D$77))
A73: G.3.4.5 | B73: 3 - 4 Y | C73: 1060.64 | D73: ND1 | F73: =IF($C$77=0,"",IF(C73="[for completion]","",C73/$C$77)) -> 0.022650408 | G73: =IF($D$77=0,"",IF(D73="[Mark as ND1 if not relevant]","",D73/$D$77))
A74: G.3.4.6 | B74: 4 - 5 Y | C74: 854.56 | D74: ND1 | F74: =IF($C$77=0,"",IF(C74="[for completion]","",C74/$C$77)) -> 0.018249484 | G74: =IF($D$77=0,"",IF(D74="[Mark as ND1 if not relevant]","",D74/$D$77))
A75: G.3.4.7 | B75: 5 - 10 Y | C75: 1989.33 | D75: ND1 | F75: =IF($C$77=0,"",IF(C75="[for completion]","",C75/$C$77)) -> 0.042482969 | G75: =IF($D$77=0,"",IF(D75="[Mark as ND1 if not relevant]","",D75/$D$77))
A76: G.3.4.8 | B76: 10+ Y | C76: 5115.35 | D76: ND1 | F76: =IF($C$77=0,"",IF(C76="[for completion]","",C76/$C$77)) -> 0.10924042 | G76: =IF($D$77=0,"",IF(D76="[Mark as ND1 if not relevant]","",D76/$D$77))
A77: G.3.4.9 | B77: Total | C77: =SUM(C70:C76) -> 46826.53 | D77: =SUM(D70:D76) -> 0 | F77: =SUM(F70:F76) -> 1 | G77: =SUM(G70:G76) -> 0
A78: OG.3.4.1 | B78: o/w 0-1 day | F78: =IF($C$77=0,"",IF(C78="[for completion]","",C78/$C$77)) -> 0 | G78: =IF($D$77=0,"",IF(D78="[for completion]","",D78/$D$77))
A79: OG.3.4.2 | B79: o/w 0-0.5y | F79: =IF($C$77=0,"",IF(C79="[for completion]","",C79/$C$77)) -> 0 | G79: =IF($D$77=0,"",IF(D79="[for completion]","",D79/$D$77))
A80: OG.3.4.3 | B80: o/w 0.5-1 y | F80: =IF($C$77=0,"",IF(C80="[for completion]","",C80/$C$77)) -> 0 | G80: =IF($D$77=0,"",IF(D80="[for completion]","",D80/$D$77))
A81: OG.3.4.4 | B81: o/w 1-1.5y | F81: =IF($C$77=0,"",IF(C81="[for completion]","",C81/$C$77)) -> 0 | G81: =IF($D$77=0,"",IF(D81="[for completion]","",D81/$D$77))
A82: OG.3.4.5 | B82: o/w 1.5-2 y | F82: =IF($C$77=0,"",IF(C82="[for completion]","",C82/$C$77)) -> 0 | G82: =IF($D$77=0,"",IF(D82="[for completion]","",D82/$D$77))
A83: OG.3.4.6
A84: OG.3.4.7
A85: OG.3.4.8
A86: OG.3.4.9 | F86: =IF($C$77=0,"",IF(C86="[for completion]","",C86/$C$77)) -> 0 | G86: =IF($D$77=0,"",IF(D86="[for completion]","",D86/$D$77))
A87: OG.3.4.10 | F87: =IF($C$77=0,"",IF(C87="[for completion]","",C87/$C$77)) -> 0 | G87: =IF($D$77=0,"",IF(D87="[for completion]","",D87/$D$77))
B88: 5. Maturity of Covered Bonds | C88: Initial Maturity | D88: Extended Maturity | F88: % Total Initial Maturity | G88: % Total Extended Maturity
A89: G.3.5.1 | B89: Weighted Average life (in years) | C89: 3.19 | D89: 4.19
B91: Maturity (mn)
A92: G.3.5.2 | B92: By buckets:
A93: G.3.5.3 | B93: 0 - 1 Y | C93: 0 | D93: 0 | F93: =IF($C$100=0,"",IF(C93="[for completion]","",IF(C93="","",C93/$C$100))) -> 0 | G93: =IF($D$100=0,"",IF(D93="[Mark as ND1 if not relevant]","",IF(D93="","",D93/$D$100))) -> 0
A94: G.3.5.4 | B94: 1 - 2 Y | C94: 7456 | D94: 0 | F94: =IF($C$100=0,"",IF(C94="[for completion]","",IF(C94="","",C94/$C$100))) -> 0.19806083 | G94: =IF($D$100=0,"",IF(D94="[Mark as ND1 if not relevant]","",IF(D94="","",D94/$D$100))) -> 0
A95: G.3.5.5 | B95: 2 - 3 Y | C95: 7456 | D95: 7456 | F95: =IF($C$100=0,"",IF(C95="[for completion]","",IF(C95="","",C95/$C$100))) -> 0.19806083 | G95: =IF($D$100=0,"",IF(D95="[Mark as ND1 if not relevant]","",IF(D95="","",D95/$D$100))) -> 0.19806083
A96: G.3.5.6 | B96: 3 - 4 Y | C96: 13230.5 | D96: 7456 | F96: =IF($C$100=0,"",IF(C96="[for completion]","",IF(C96="","",C96/$C$100))) -> 0.35145438 | G96: =IF($D$100=0,"",IF(D96="[Mark as ND1 if not relevant]","",IF(D96="","",D96/$D$100))) -> 0.19806083
A97: G.3.5.7 | B97: 4 - 5 Y | C97: 9502.5 | D97: 13230.5 | F97: =IF($C$100=0,"",IF(C97="[for completion]","",IF(C97="","",C97/$C$100))) -> 0.25242396 | G97: =IF($D$100=0,"",IF(D97="[Mark as ND1 if not relevant]","",IF(D97="","",D97/$D$100))) -> 0.35145438
A98: G.3.5.8 | B98: 5 - 10 Y | C98: 0 | D98: 9502.5 | F98: =IF($C$100=0,"",IF(C98="[for completion]","",IF(C98="","",C98/$C$100))) -> 0 | G98: =IF($D$100=0,"",IF(D98="[Mark as ND1 if not relevant]","",IF(D98="","",D98/$D$100))) -> 0.25242396
A99: G.3.5.9 | B99: 10+ Y | C99: 0 | D99: 0 | F99: =IF($C$100=0,"",IF(C99="[for completion]","",IF(C99="","",C99/$C$100))) -> 0 | G99: =IF($D$100=0,"",IF(D99="[Mark as ND1 if not relevant]","",IF(D99="","",D99/$D$100))) -> 0
A100: G.3.5.10 | B100: Total | C100: =SUM(C93:C99) -> 37645 | D100: =SUM(D93:D99) -> 37645 | F100: =SUM(F93:F99) -> 1 | G100: =SUM(G93:G99) -> 1
A101: OG.3.5.1 | B101: o/w 0-1 day | F101: =IF($C$100=0,"",IF(C101="[for completion]","",C101/$C$100)) -> 0 | G101: =IF($D$100=0,"",IF(D101="[for completion]","",D101/$D$100)) -> 0
A102: OG.3.5.2 | B102: o/w 0-0.5y | F102: =IF($C$100=0,"",IF(C102="[for completion]","",C102/$C$100)) -> 0 | G102: =IF($D$100=0,"",IF(D102="[for completion]","",D102/$D$100)) -> 0
A103: OG.3.5.3 | B103: o/w 0.5-1 y | F103: =IF($C$100=0,"",IF(C103="[for completion]","",C103/$C$100)) -> 0 | G103: =IF($D$100=0,"",IF(D103="[for completion]","",D103/$D$100)) -> 0
A104: OG.3.5.4 | B104: o/w 1-1.5y | F104: =IF($C$100=0,"",IF(C104="[for completion]","",C104/$C$100)) -> 0 | G104: =IF($D$100=0,"",IF(D104="[for completion]","",D104/$D$100)) -> 0
A105: OG.3.5.5 | B105: o/w 1.5-2 y | F105: =IF($C$100=0,"",IF(C105="[for completion]","",C105/$C$100)) -> 0 | G105: =IF($D$100=0,"",IF(D105="[for completion]","",D105/$D$100)) -> 0
A106: OG.3.5.6
...

Sheet B1. HTT Mortgage Assets
A1: B1. Harmonised Transparency Template - Mortgage Assets | F1: HTT 2024
B3: Reporting in Domestic Currency | C3: DKK
B5: CONTENT OF TAB B1
B6: 7. Mortgage Assets
B7: 7.A Residential Cover Pool
B8: 7.B Commercial Cover Pool
A10: Field Number | B10: 7. Mortgage Assets
B11: 1. Property Type Information | C11: Nominal (mn) | F11: % Total Mortgages
A12: M.7.1.1 | B12: Residential | C12: 8622.92 | F12: =IF($C$15=0,"",IF(C12="[for completion]","",C12/$C$15)) -> 0.18414608
A13: M.7.1.2 | B13: Commercial | C13: 38203.6 | F13: =IF($C$15=0,"",IF(C13="[for completion]","",C13/$C$15)) -> 0.81585392
A14: M.7.1.3 | B14: Other | C14: 0 | F14: =IF($C$15=0,"",IF(C14="[for completion]","",C14/$C$15)) -> 0
A15: M.7.1.4 | B15: Total | C15: =SUM(C12:C14) -> 46826.52 | F15: =SUM(F12:F14) -> 1
A16: OM.7.1.1 | B16: o/w Housing Cooperatives / Multi-family assets | F16: =IF($C$15=0,"",IF(C16="[for completion]","",C16/$C$15)) -> 0
A17: OM.7.1.2 | B17: o/w Forest & Agriculture | F17: =IF($C$15=0,"",IF(C17="[for completion]","",C17/$C$15)) -> 0
A18: OM.7.1.3 | B18: o/w [If relevant, please specify] | F18: =IF($C$15=0,"",IF(C18="[for completion]","",C18/$C$15)) -> 0
A19: OM.7.1.4 | B19: o/w [If relevant, please specify] | F19: =IF($C$15=0,"",IF(C19="[for completion]","",C19/$C$15)) -> 0
A20: OM.7.1.5 | B20: o/w [If relevant, please specify] | F20: =IF($C$15=0,"",IF(C20="[for completion]","",C20/$C$15)) -> 0
A21: OM.7.1.6 | B21: o/w [If relevant, please specify] | F21: =IF($C$15=0,"",IF(C21="[for completion]","",C21/$C$15)) -> 0
A22: OM.7.1.7 | B22: o/w [If relevant, please specify] | F22: =IF($C$15=0,"",IF(C22="[for completion]","",C22/$C$15)) -> 0
A23: OM.7.1.8 | B23: o/w [If relevant, please specify] | F23: =IF($C$15=0,"",IF(C23="[for completion]","",C23/$C$15)) -> 0
A24: OM.7.1.9 | B24: o/w [If relevant, please specify] | F24: =IF($C$15=0,"",IF(C24="[for completion]","",C24/$C$15)) -> 0
A25: OM.7.1.10 | B25: o/w [If relevant, please specify] | F25: =IF($C$15=0,"",IF(C25="[for completion]","",C25/$C$15)) -> 0
A26: OM.7.1.11 | B26: o/w [If relevant, please specify] | F26: =IF($C$15=0,"",IF(C26="[for completion]","",C26/$C$15)) -> 0
B27: 2. General Information | C27: Residential Loans | D27: Commercial Loans | F27: Total Mortgages
A28: M.7.2.1 | B28: Number of mortgage loans | C28: 565 | D28: 3574 | F28: 4139
A29: OM.7.2.1 | B29: Optional information eg, Number of borrowers
A30: OM.7.2.2 | B30: Optional information eg, Number of guarantors
A31: OM.7.2.3
A32: OM.7.2.4
A33: OM.7.2.5
A34: OM.7.2.6
B35: 3. Concentration Risks | C35: % Residential Loans | D35: % Commercial Loans | F35: % Total Mortgages
A36: M.7.3.1 | B36: 10 largest exposures | C36: 0.018 | D36: 0.046 | F36: 0.064
A37: OM.7.3.1
A38: OM.7.3.2
A39: OM.7.3.3
A40: OM.7.3.4
A41: OM.7.3.5
A42: OM.7.3.6
B43: 4. Breakdown by Geography | C43: % Residential Loans | D43: % Commercial Loans | F43: % Total Mortgages
A44: M.7.4.1 | B44: European Union | C44: =SUM(C45:C71) -> 0.7 | D44: =SUM(D45:D71) -> 0.663 | F44: =SUM(F45:F71) -> 0.67
A45: M.7.4.2 | B45: Austria
A46: M.7.4.3 | B46: Belgium
A47: M.7.4.4 | B47: Bulgaria
A48: M.7.4.5 | B48: Croatia
A49: M.7.4.6 | B49: Cyprus
A50: M.7.4.7 | B50: Czechia
A51: M.7.4.8 | B51: Denmark
A52: M.7.4.9 | B52: Estonia
A53: M.7.4.10 | B53: Finland
A54: M.7.4.11 | B54: France
A55: M.7.4.12 | B55: Germany
A56: M.7.4.13 | B56: Greece
... A70: M.7.4.27 | B70: Spain
A71: M.7.4.28 | B71: Sweden | C71: 0.7 | D71: 0.663 | F71: 0.67
A72: M.7.4.29 | B72: European Economic Area (not member of EU) | C72: =SUM(C73:C75) -> 0.3 | D72: =SUM(D73:D75) -> 0.337 | F72: =SUM(F73:F75) -> 0.33
A73: M.7.4.30 | B73: Iceland
A74: M.7.4.31 | B74: Liechtenstein
A75: M.7.4.32 | B75: Norway | C75: 0.3 | D75: 0.337 | F75: 0.33
A76: M.7.4.33 | B76: Other | C76: =SUM(C77:C87) -> 0 | D76: =SUM(D77:D87) -> 0 | F76: =SUM(F77:F87) -> 0
A77: M.7.4.34 | B77: Switzerland
A78: M.7.4.35 | B78: United Kingdom
A79: M.7.4.36 | B79: Australia
A80: M.7.4.37 | B80: Brazil
A81: M.7.4.38 | B81: Canada
A82: M.7.4.39 | B82: Japan
A83: M.7.4.40 | B83: Korea
A84: M.7.4.41 | B84: New Zealand
A85: M.7.4.42 | B85: Singapore
A86: M.7.4.43 | B86: US
A87: M.7.4.44 | B87: Other
A88: OM.7.4.1 | B88: o/w [If relevant, please specify]
... A97: OM.7.4.10 | B97: o/w [If relevant, please specify]
B98: 5. Breakdown by regions of main country of origin | C98: % Residential Loans | D98: % Commercial Loans | F98: % Total Mortgages
A99: M.7.5.1 | B99: AGDER | C99: 0 | D99: 0.01 | F99: 0.008
A100: M.7.5.2 | B100: AKERSHUS | C100: 0.028 | D100: 0.05 | F100: 0.046
A101: M.7.5.3 | B101: BUSKERUD | C101: 0.004 | D101: 0.018 | F101: 0.016
A102: M.7.5.4 | B102: East Sweden | C102: 0.079 | D102: 0.163 | F102: 0.148
A103: M.7.5.5 | B103: FINNMARK | C103: 0 | D103: 0 | F103: 0
A104: M.7.5.6 | B104: Greater Gothenburg | C104: 0.03 | D104: 0.08 | F104: 0.071
A105: M.7.5.7 | B105: Greater Malmoe | C105: 0.107 | D105: 0.046 | F105: 0.057
A106: M.7.5.8 | B106: Greater Stockholm | C106: 0.249 | D106: 0.124 | F106: 0.147
A107: M.7.5.9 | B107: INNLANDET | C107: 0.001 | D107: 0.004 | F107: 0.004
A108: M.7.5.10 | B108: MØRE & ROMSDAL | C108: 0.001 | D108: 0.022 | F108: 0.018
A109: M.7.5.11 | B109: NORDLAND | C109: 0 | D109: 0.001 | F109: 0.001
A110: M.7.5.12 | B110: North Sweden | C110: 0.036 | D110: 0.047 | F110: 0.045
... A120: M.7.5.22 | B120: ØSTFOLD | C120: 0.003 | D120: 0.018 | F120: 0.016
A121: M.7.5.23 | B121: TBC at a country level
A122: M.7.5.24 | B122: TBC at a country level
A123: M.7.5.25 | B123: TBC at a country level
A124: M.7.5.26 | B124: TBC at a country level
A125: M.7.5.27 | B125: TBC at a country level
A126: M.7.5.28 | B126: TBC at a country level
A127: M.7.5.29 | B127: TBC at a country level
A128: M.7.5.30 | B128: TBC at a country level
A129: M.7.5.31 | B129: TBC at a country level
A130: M.7.5.32 | B130: TBC at a country level
A131: M.7.5.33 | B131: TBC at a country level
A132: M.7.5.34 | B132: TBC at a country level
... A148: M.7.5.50 | B148: TBC at a country level
...

Sheet C. HTT Harmonised Glossary
A1: C. Harmonised Transparency Template - Glossary | C1: HTT 2024
A3: The definitions below reflect the national specificities
A5: Field Number | B5: 1. Glossary - Standard Harmonised Items | C5: Definition
A6: HG.1.1 | B6: OC Calculation: Statutory | C6: Statutory Overcollateralisation is the overcollateralisation percentage required to be provided by each Issuer and included/disclosed in the national covered bond framework.
A7: HG.1.2 | B7: OC Calculation: Contractual | C7: Contractual Overcollateralisation is the overcollateralisation percentage each Issuer has contractually agreed to maintain pursuant to the covered bond programme documents.
A8: HG.1.3 | B8: OC Calculation: Voluntary | C8: Voluntary Overcollateralisation is the difference (if positive) between the actual overcollateralisation provided by an Issuer and the higher of the contractual and statutory overcollateralisation.
A9: HG.1.4 | B9: Interest Rate Types | C9: Loans that have fixings longer than 1 year is categorized as fixed rate mortgages. Loans with fixings on 1 year or shorter is categorized as variable rate loans.
A10: HG.1.5 | B10: Residual Life Buckets of Cover assets [i.e. how is the contractual and/or expected residual life defined? What assumptions eg, in terms of prepayments? etc.] | C10: Only contractual maturity is relevant and reported. Early repayments happens at borrowes discretion and cannot be anticipated by issuer.
A11: HG.1.6 | B11: Maturity Buckets of Covered Bonds [i.e. how is the contractual and/or expected maturity defined? What maturity structure (hard bullet, soft bullet, conditional pass through)? Under what conditions/circumstances? Etc.] | C11: The contractual maturity date is reported without the soft bullet extension. The extended maturity is reported as contractual maturity plus one year for all bonds. The full terms and conditions for the maturity extensions are described in the Covered Bond Prospectus published on the Bank's webpage (see link below).
A12: HG.1.7 | B12: Maturity Extention Triggers | C12: https://danskebank.com/investor-relations/debt/funding-programmes?section=global-covered-bonds
A13: HG.1.8 | B13: LTVs: Definition | C13: LTV is reported continuously. The loans are distributed from the start ltv of the loan to the marginal ltv. This means that, if the loan is first rank, it is distributed proportionaly by bracket size from 0 to the marginal.
A14: HG.1.9 | B14: LTVs: Calculation of property/shipping value | C14: The LTV is calculated based current market value of the property.
A15: HG.1.10 | B15: LTVs: Applied property/shipping valuation techniques, including whether use of index, Automated Valuation Model (AVM) or on-site audits | C15: Market values are determined by AVM, desktop valuations and on-site audits depending on risk, property type and purpose.
A16: HG.1.11 | B16: LTVs: Frequency and time of last valuation | C16: Property valuations are performed minimum once pr. year.
... A20: HG.1.15 | B20: Valuation Method | C20: Real estate property is valued at market value. Loans and Bonds are reported on current notional unless stated differently.
A21: OHG.1.1 | B21: NPV assumptions (when stated)
A22: OHG.1.2
A23: OHG.1.3
A24: OHG.1.4
A25: OHG.1.5
A26: OHG.1.6
A27: OHG.1.7
B28: 2. Glossary - ESG items (optional) | C28: Definition
A29: HG.2.1 | B29: Sustainability - strategy pursued in the cover pool
A30: HG.2.2 | B30: Subsidised Housing (definitions of affordable, social housing)
A31: HG.2.3 | B31: New Property and Existing Property
A32: OHG.2.1 | B32: Indication of proxy usage for ESG-related data (indicator, methodology, timing, share of proxy usage for single indicators etc.)
A33: OHG.2.2 | B33: Explanation of table 20 - CO2 emission | C33: The ESG tables are in general filled out after best effort and data availability and future corrections to numbers and/or methodology might occur. The numbers are solely calculated for the purpose of giving a best effort estimate to readers of this report and might not be comparable with other reports.
A34: OHG.2.3 | B34: General Comments to ESG tables/data
A35: OHG.2.4
A36: OHG.2.5
A37: OHG.2.6
A38: OHG.2.7
A39: OHG.2.8
A40: OHG.2.9
A41: OHG.2.10
A42: OHG.2.11
A43: OHG.2.12
B44: 3. Reason for No Data | C44: Value
A45: HG.3.1 | B45: Not applicable for the jurisdiction | C45: ND1
A46: HG.3.2 | B46: Not relevant for the issuer and/or CB programme at the present time | C46: ND2
A47: HG.3.3 | B47: Not available at the present time | C47: ND3
A48: OHG.3.1 | B48: Confidential Information | C48: ND4
A49: OHG.3.2
A50: OHG.3.3
B51: 4. Glossary - Extra national and/or Issuer Items | C51: Definition
A52: HG.4.1 | B52: Other definitions deemed relevant
A53: OHG.4.1
A54: OHG.4.2
A55: OHG.4.3
A56: OHG.4.4
A57: OHG.4.5

Sheet D. NTT Frontpage

Sheet NTT Contents
B5: Danish National ECBC Label Template : Contents
B7: As of | D7: 45565
B10: Specialised finance institutes
B11: General Issuer Detail
B12: A | D12: General Issuer Detail
B14: Cover Pool Information
B15: G1.1 | D15: General cover pool information
B16: G2 | D16: Outstanding CBs
B17: G2.1a-f | D17: Cover assets and maturity structure
B18: G2.2 | D18: Interest and currency risk
B19: G3 | D19: Legal ALM (balance principle) adherence
B20: G4 | D20: Additional characteristics of ALM business model for issued CBs
B22: M1/B1 | D22: Number of loans by property category
B23: M2/B2 | D23: Lending by property category, DKKbn
B24: M3/B3 | D24: Lending, by loan size, DKKbn
B25: M4a/B4a | D25: Lending, by-loan to-value (LTV), current property value, DKKbn
B26: M4b/B4b | D26: Lending, by-loan to-value (LTV), current property value, Per cent
B27: M4c/B4c | D27: Lending, by-loan to-value (LTV), current property value, DKKbn ("Sidste krone")
... B39: M12a/B12a | D39: Realised losses (%)
B43: Ship finance institutes
B44: A | D44: General Issuer Detail
B45: G1-G4 | D45: Cover pool information
B46: S1-S3 | D46: Lending
B47: S4 | D47: LTV
B48: S5 | D48: Lending by region and ship type
B49: S6-S8 | D49: Lending by ship type
B50: S9-13 | D50: Lending (Classification Societies, Size of Ships, NPL definition)
B53: Key Concepts
B54: X1 | D54: Key Concepts Explanation
B55: X2 | D55: Key Concepts Explanation
B56: X3 | D56: General explanation

Sheet Tabel A - General Issuer Detail
B4: Table A. General Issuer Detail | C4: Optional for Banks
B5: Key information regarding issuers' balance sheet
B9: (DKKbn – except Tier 1 and Solvency ratio) | C9: Q2 202X | D9: Q1 202X | E9: Q4 202X | F9: Q3 202X
B10: Total Balance Sheet Assets
B11: Total Customer Loans(fair value)
B12: of which: Used/registered for covered bond collateral pool
B13: Tier 1 Ratio (%)
B14: Solvency Ratio (%)
B15: Outstanding Covered Bonds (fair value)
B16: Outstanding Senior Unsecured Liabilities
B17: Senior Secured Bonds
B18: Guarantees (e.g. provided by states, municipals, banks)
B19: Net loan losses (Net loan losses and net loan loss provisions)
B20: Value of acquired properties / ships (temporary possessions, end quarter)
B23: Customer loans (mortgage) (DKKbn)
... B42: Loan loss provisions (sum of total individual and group wise loss provisions, end of quarter)
F46: To Contents

Sheet G1-G4 - Cover pool inform.
B4: Table G1.1 – General cover pool information
B7: DKKbn / Percentage of nominal outstanding CBs | F7: ="Q3 2024" -> Q3 2024 | G7: ="Q2 2024" -> Q2 2024 | H7: ="Q1 2024" -> Q1 2024 | I7: ="Q4 2023" -> Q4 2023
B8: Nominal cover pool (total value) | F8: 46.83 | G8: 46.89 | H8: 41.65 | I8: 44.31
B10: Overcollateralisation | F10: 9.18 | G10: 8.61 | H10: 7.04 | I10: 9.04
B11: Overcollateralisation ratio | C11: Total | F11: 24.85 | G11: 24.02 | H11: 22.55 | I11: 25.64
C12: Mandatory (percentage of risk weigted assets,general, by law) | F12: 17.32 | G12: 17.28 | H12: 15.31 | I12: 18.48
B13: Nominal value of outstanding CBs | F13: 37.65 | G13: 38.28 | H13: 34.61 | I13: 35.22
C14: – hereof amount maturing 0-1 day
B15: Proceeds from senior secured debt
B16: Proceeds from senior unsecured debt
B17: Tier 2 capital
B18: Additional tier 1 capital (e.g. hybrid core capital)
B19: Core tier 1 capital invested in gilt-edged securities
B20: Total capital coverage (rating compliant capital)
B22: Loan loss provisions (cover pool level - shown i Table A on issuer level) - Optional
B24: Table G2 – Outstanding CBs
B26: DKKbn / Percentage of nominal outstanding CBs | F26: ="Q3 2024" -> Q3 2024 | G26: ="Q2 2024" -> Q2 2024 | H26: ="Q1 2024" -> Q1 2024 | I26: ="Q4 2023" -> Q4 2023
B27: Nominal value of outstanding CBs | F27: 37.65 | G27: 38.28 | H27: 34.61 | I27: 35.22
B28: Fair value of outstanding CBs (marked value) | F28: 38.22 | G28: 38.49 | H28: 34.64 | I28: 35.35
B29: Maturity of issued CBs
C30: 1 day – < 1 year
C31: 1 year
C32: > 1 and ≤ 2 years | F32: 7.46 | G32: 7.46 | H32: 7.46 | I32: 7.45
C33: > 2 and ≤ 3 years | F33: 7.46 | G33: 7.46 | H33: 7.46 | I33: 7.45
C34: > 3 and ≤ 4 years | F34: 13.23 | G34: 3.73 | H34: 3.73 | I34: 3.73
C35: > 4 and ≤ 5 years | F35: 9.5 | G35: 9.82 | H35: 9.58 | I35: 9.95
C36: 5-10 years | G36: 9.82 | H36: 6.39 | I36: 6.64
C37: 10-20 years
C38: > 20 years
B39: Amortisation profile of issued CBs | C39: Bullet
C40: Annuity
C41: Serial
B42: Interest rate profile of issued CBs | C42: Fixed rate (Fixed rate constant for more than 1 year) | F42: 0.5 | G42: 0.49 | H42: 0.54 | I42: 0.53
C43: Floating rate ( Floating rate constant for less than 1 year) | F43: 0.5 | G43: 0.51 | H43: 0.46 | I43: 0.47
C44: Capped floating rate
B45: Currency denomination profile of issued CBs | C45: DKK
C46: EUR | F46: 0.5 | G46: 0.49 | H46: 0.54 | I46: 0.53
C47: SEK
C48: CHF
C49: NOK | F49: 0.5 | G49: 0.51 | H49: 0.46 | I49: 0.47
C50: USD
C51: Other
B52: UCITS compliant | F52: 1 | G52: 1 | H52: 1 | I52: 1
B53: CRD compliant | F53: 1 | G53: 1 | H53: 1 | I53: 1
B54: Eligible for central bank repo | F54: 1 | G54: 1 | H54: 1 | I54: 1
B55: Rating | C55: Moody’s | F55: N/A | G55: N/A | H55: N/A | I55: N/A
C56: S&P | F56: AAA | G56: AAA | H56: AAA | I56: AAA
C57: Fitch | F57: AAA | G57: AAA | H57: AAA | I57: AAA
B59: Table G2.1a-f – Cover assets and maturity structure
B61: Table G2.1a - Assets other than the loan portfolio in the cover pool
B62: Rating/maturity | C62: AAA | D62: AA+ | E62: AA | F62: AA- | G62: A+ | H62: A | I62: A- | J62: etc. | K62: Not rated
B63: Gilt-edged secutities / rating compliant capital
B64: 0-<1 year
B65: >1- < 5 years
B66: > 5 years
B67: Total
B69: Table G2.1b - Assets other than the loan portfolio in the cover pool
B70: Rating/type of cover asset | C70: AAA | D70: AA+ | E70: AA | F70: AA- | G70: A+ | H70: A | I70: A- | J70: etc. | K70: Not rated
B71: Exposures to/guaranteed by govenments etc. in EU
B72: Exposures to/guaranteed by govenments etc. third countries
B73: Exposure to credit institute credit quality step 1
B74: Exposure to credit institute credit quality step 2
B75: Total
B77: Table G2.1c - Assets other than the loan portfolio in the cover pool
B78: Maturity structure/Type of cover asset | C78: 0-<1 year | D78: >1- < 5 years | E78: > 5 years | F78: Total
B79: Exposures to/guaranteed by govenments etc. in EU
B80: Exposures to/guaranteed by govenments etc. third countries
B81: Exposure to credit institute credit quality step 1
B82: Exposure to credit institute credit quality step 2
B83: Total
B85: Table G2.1d - Assets other than the loan portfolio in the cover pool
B86: Other assets, total (distributed pro rata after total assets in credit institution and cover pool)
B89: Table G2.1e - Derivatives at programme level (not subordinated / pari passu with covered bonds)
B90: 0-<1 year
B91: >1- < 5 years
B92: > 5 years
B93: Total
... B103: Table G2.2 – Interest and currency risk
B105: Total value of loans funded in cover pool | C105: 37.6bn.DKK
B106: Match funded (without interest and/or currency risk) | C106: xx %
B107: Completely hedged with derivatives | C107: 100
B108: Un-hedged interest rate risk | C108: xx%
B109: Un-hedged currency risk | C109: xx%
B110: - Of which EUR | C110: x,x%
B111: - Of which DKK | C111: x,x%
B112: - Of which… | C112: x,x%
B115: Table G3 – Legal ALM (balance principle) adherence1
C116: Issue adherence
B117: General balance principle | C117: x
B119: Specific balance principle
B120: 1) Cf. the Danish Executive Order on bond issuance, balance principle and risk management
B124: Table G4 – Additional characteristics of ALM business model for issued CBs
C125: Issue adherence
C126: Yes | E126: No
B127: One-to-one balance between terms of granted loans and bonds issued, i.e. daily tap issuance? | E127: x
B128: Pass-through cash flow from borrowers to investors? | E128: x
B129: Asset substitution in cover pool allowed? | C129: x
B130: Note: * A few older traditional danish mortgage bonds are not CRD compliant
I131: To Contents

Sheet Table 1-3 - Lending
K4: Reporting date | L4: 45565
B5: Property categories are defined according to Danish FSA's AS-reporting form
B7: Table M1/B1
B9: Number of loans by property category
C10: Owner-occupied homes | D10: Holiday houses | E10: Subsidised Housing | F10: Cooperative Housing | G10: Private rental | H10: Manufacturing and Manual Industries | I10: Office and Business | J10: Agriculture | K10: Social and cultural purposes | L10: Other | M10: Total
B11: Total | C11: 0 | D11: 0 | E11: 0 | F11: 125 | G11: 412 | H11: 945 | I11: 994 | J11: 1436 | K11: 154 | L11: 73 | M11: 4139
B12: In % | C12: 0 | D12: 0 | E12: 0 | F12: 3.02 | G12: 9.95 | H12: 22.83 | I12: 24.02 | J12: 34.69 | K12: 3.72 | L12: 1.76 | M12: 100
B14: Table M2/B2
B16: Lending by property category, DKKbn
C17: Owner-occupied homes | D17: Holiday houses | E17: Subsidised Housing | F17: Cooperative Housing | G17: Private rental | H17: Manufacturing and Manual Industries | I17: Office and Business | J17: Agriculture | K17: Social and cultural purposes | L17: Other | M17: Total
B18: Total | C18: 0 | D18: 0 | E18: 0 | F18: 1.46 | G18: 7.16 | H18: 8.49 | I18: 18.03 | J18: 7.47 | K18: 3.69 | L18: 0.5289 | M18: 46.83
B19: In % | C19: 0 | D19: 0 | E19: 0 | F19: 3.12 | G19: 15.29 | H19: 18.13 | I19: 38.51 | J19: 15.95 | K19: 7.87 | L19: 1.13 | M19: 100
B21: Table M3/B3
B23: Lending, by loan size, DKKbn
C25: DKK 0 - 2m | D25: DKK 2 - 5m | E25: DKK 5 - 20m | F25: DKK 20 - 50m | G25: DKK 50 - 100m | H25: > DKK 100m | I25: Total
B26: Total | C26: 1.31 | D26: 3.35 | E26: 11.87 | F26: 11.01 | G26: 7.93 | H26: 11.36 | I26: 46.83
B27: In % | C27: 2.79 | D27: 7.15 | E27: 25.35 | F27: 23.5 | G27: 16.94 | H27: 24.27 | I27: 100
B29: Table S1
B31: Number of loans by Ship Type
C32: Bulk Carriers | D32: LPG | E32: LNG | F32: Chemical Carriers | G32: Crude Oil Tankers | H32: Product Tankers | I32: Ferries/RO-RO | J32: Offshore Vessels | K32: Semi-submersible | L32: Container | M32: Other | N32: Total
B33: Total
B34: In %
B36: Table S2
B38: Lending by Ship Type, DKKbn
C39: Bulk Carriers | D39: LPG | E39: LNG | F39: Chemical Carriers | G39: Crude Oil Tankers | H39: Product Tankers | I39: Ferries/RO-RO | J39: Offshore Vessels | K39: Semi-submersible | L39: Container | M39: Other | N39: Total
B40: Total
B41: In %
B43: Table S3
B45: Lending, by loan size, DKKbn
C47: DKK 0 - 100m | D47: DKK 100 - 300m | E47: DKK 300 - 500m | F47: DKK 500 - 1.000m | G47: > DKK 1000m | H47: Total
B48: Total
B49: In %
N51: To Contents

Sheet Table 4 - LTV
B5: Table M4a/B4a
B7: Lending, by-loan to-value (LTV), current property value, DKKbn
C8: Per cent
C9: 0 - 19,9 | D9: 20 - 39,9 | E9: 40 - 59,9 | F9: 60 - 69,9 | G9: 70 - 79,9 | H9: 80 - 84,9 | I9: 85 - 89,9 | J9: 90 - 94,9 | K9: 95 - 100 | L9: > 100
B11: Owner-occupied homes | C11: 0 | D11: 0 | E11: 0 | F11: 0 | G11: 0 | H11: 0 | I11: 0 | J11: 0 | K11: 0 | L11: 0
B12: Holiday houses | C12: 0 | D12: 0 | E12: 0 | F12: 0 | G12: 0 | H12: 0 | I12: 0 | J12: 0 | K12: 0 | L12: 0
B13: Subsidised Housing | C13: 0 | D13: 0 | E13: 0 | F13: 0 | G13: 0 | H13: 0 | I13: 0 | J13: 0 | K13: 0 | L13: 0
B14: Cooperative Housing | C14: 0.9992 | D14: 0.4017 | E14: 0.0554 | F14: 0.0034 | G14: 0.0004 | H14: 0.0002 | I14: 0.0002 | J14: 0.0002 | K14: 0.0002 | L14: 0.0006
B15: Private rental | C15: 2.83 | D15: 2.42 | E15: 1.62 | F15: 0.2166 | G15: 0.048 | H15: 0.0061 | I15: 0.0045 | J15: 0.0022 | K15: 0.0012 | L15: 0.002
B16: Manufacturing and Manual Industries | C16: 3.65 | D16: 2.76 | E16: 1.5 | F16: 0.1853 | G16: 0.124 | H16: 0.0512 | I16: 0.0441 | J16: 0.0351 | K16: 0.0268 | L16: 0.1106
B17: Office and Business | C17: 7.94 | D17: 6.31 | E17: 3.33 | F17: 0.2594 | G17: 0.0875 | H17: 0.0249 | I17: 0.0195 | J17: 0.0153 | K17: 0.0124 | L17: 0.0308
B18: Agricultutal properties | C18: 3.67 | D18: 2.43 | E18: 1.17 | F18: 0.1566 | G18: 0.0339 | H18: 0.0056 | I18: 0.0037 | J18: 0.002 | K18: 0.0004 | L18: 0
B19: Properties for social and cultural purposes | C19: 1.52 | D19: 1.3 | E19: 0.7819 | F19: 0.07 | G19: 0.0193 | H19: 0.002 | I19: 0.0001 | J19: 0.0001 | K19: 0.0001 | L19: 0
B20: Other | C20: 0.2418 | D20: 0.1689 | E20: 0.0888 | F20: 0.0193 | G20: 0.0074 | H20: 0.0012 | I20: 0.001 | J20: 0.0005 | K20: 0 | L20: 0
B22: Total | C22: 20.85 | D22: 15.79 | E22: 8.55 | F22: 0.9106 | G22: 0.3205 | H22: 0.0912 | I22: 0.0731 | J22: 0.0554 | K22: 0.041 | L22: 0.144
B27: Table M4b/B4b
B29: Lending, by-loan to-value (LTV), current property value, per cent
C30: Per cent
C31: 0 - 19,9 | D31: 20 - 39,9 | E31: 40 - 59,9 | F31: 60 - 69,9 | G31: 70 - 79,9 | H31: 80 - 84,9 | I31: 85 - 89,9 | J31: 90 - 94,9 | K31: 95 - 100 | L31: > 100
B33: Owner-occupied homes | C33: 0 | D33: 0 | E33: 0 | F33: 0 | G33: 0 | H33: 0 | I33: 0 | J33: 0 | K33: 0 | L33: 0
B34: Holiday houses | C34: 0 | D34: 0 | E34: 0 | F34: 0 | G34: 0 | H34: 0 | I34: 0 | J34: 0 | K34: 0 | L34: 0
B35: Subsidised Housing | C35: 0 | D35: 0 | E35: 0 | F35: 0 | G35: 0 | H35: 0 | I35: 0 | J35: 0 | K35: 0 | L35: 0
B36: Cooperative Housing | C36: 0.0213 | D36: 0.0086 | E36: 0.0012 | F36: 0.0001 | G36: 0 | H36: 0 | I36: 0 | J36: 0 | K36: 0 | L36: 0
B37: Private rental | C37: 0.0605 | D37: 0.0518 | E37: 0.0347 | F37: 0.0046 | G37: 0.001 | H37: 0.0001 | I37: 0.0001 | J37: 0 | K37: 0 | L37: 0
B38: Manufacturing and Manual Industries | C38: 0.0779 | D38: 0.059 | E38: 0.0321 | F38: 0.004 | G38: 0.0026 | H38: 0.0011 | I38: 0.0009 | J38: 0.0007 | K38: 0.0006 | L38: 0.0024
B39: Office and Business | C39: 0.1699 | D39: 0.1347 | E39: 0.0711 | F39: 0.0055 | G39: 0.0019 | H39: 0.0005 | I39: 0.0004 | J39: 0.0003 | K39: 0.0003 | L39: 0.0007
B40: Agricultutal properties | C40: 0.0784 | D40: 0.052 | E40: 0.0249 | F40: 0.0033 | G40: 0.0007 | H40: 0.0001 | I40: 0.0001 | J40: 0 | K40: 0 | L40: 0
B41: Properties for social and cultural purposes | C41: 0.0324 | D41: 0.0277 | E41: 0.0167 | F41: 0.0015 | G41: 0.0004 | H41: 0 | I41: 0 | J41: 0 | K41: 0 | L41: 0
B42: Other | C42: 0.0052 | D42: 0.0036 | E42: 0.0019 | F42: 0.0004 | G42: 0.0002 | H42: 0 | I42: 0 | J42: 0 | K42: 0 | L42: 0
B44: Total | C44: 0.4453 | D44: 0.3373 | E44: 0.1825 | F44: 0.0194 | G44: 0.0068 | H44: 0.0019 | I44: 0.0016 | J44: 0.0012 | K44: 0.0009 | L44: 0.0031
B49: Table M4c/B4c
B51: Lending, by-loan to-value (LTV), current property value, DKKbn ("Sidste krone")
C52: Per cent
C53: 0 - 19,9 | D53: 20 - 39,9 | E53: 40 - 59,9 | F53: 60 - 69,9 | G53: 70 - 79,9 | H53: 80 - 84,9 | I53: 85 - 89,9 | J53: 90 - 94,9 | K53: 95 - 100 | L53: > 100 | N53: Avg. LTV
B55: Owner-occupied homes | C55: 0 | D55: 0 | E55: 0 | F55: 0 | G55: 0 | H55: 0 | I55: 0 | J55: 0 | K55: 0 | L55: 0 | N55: 0
B56: Holiday houses | C56: 0 | D56: 0 | E56: 0 | F56: 0 | G56: 0 | H56: 0 | I56: 0 | J56: 0 | K56: 0 | L56: 0 | N56: 0
B57: Subsidised Housing | C57: 0 | D57: 0 | E57: 0 | F57: 0 | G57: 0 | H57: 0 | I57: 0 | J57: 0 | K57: 0 | L57: 0 | N57: 0
B58: Cooperative Housing | C58: 0.2873 | D58: 0.8006 | E58: 0.3398 | F58: 0.0293 | G58: 0 | H58: 0 | I58: 0 | J58: 0 | K58: 0 | L58: 0.0045 | N58: 0.3178
B59: Private rental | C59: 0.2345 | D59: 0.7418 | E59: 3.74 | F59: 1.71 | G59: 0.6249 | H59: 0.0043 | I59: 0.0409 | J59: 0.0308 | K59: 0.0288 | L59: 0.0116 | N59: 0.5517
B60: Manufacturing and Manual Industries | C60: 0.4136 | D60: 1.36 | E60: 4.44 | F60: 0.946 | G60: 0.1634 | H60: 0.1151 | I60: 0.1444 | J60: 0.2072 | K60: 0.1969 | L60: 0.4953 | N60: 0.5585
B61: Office and Business | C61: 0.8353 | D61: 2.81 | E61: 10.75 | F61: 2.63 | G61: 0.405 | H61: 0.1787 | I61: 0.0302 | J61: 0.1016 | K61: 0.02 | L61: 0.2703 | N61: 0.505
B62: Agricultutal properties | C62: 0.461 | D62: 2.17 | E62: 3.05 | F62: 1.27 | G62: 0.3842 | H62: 0.0643 | I62: 0.0023 | J62: 0.0414 | K62: 0.0256 | L62: 0.0004 | N62: 0.4695
B63: Properties for social and cultural purposes | C63: 0.0515 | D63: 0.426 | E63: 2.46 | F63: 0.4543 | G63: 0.2407 | H63: 0.0468 | I63: 0 | J63: 0 | K63: 0.0025 | L63: 0 | N63: 0.5262
B64: Other | C64: 0.0362 | D64: 0.1229 | E64: 0.2062 | F64: 0.0376 | G64: 0.1043 | H64: 0.0009 | I64: 0.0056 | J64: 0.0146 | K64: 0.0005 | L64: 0 | N64: 0.515
B66: Total | C66: 2.32 | D66: 8.44 | E66: 24.99 | F66: 7.07 | G66: 1.92 | H66: 0.4101 | I66: 0.2234 | J66: 0.3956 | K66: 0.2742 | L66: 0.7821 | N66: 0.5121
B71: Table M4d/B4d
B73: Lending, by-loan to-value (LTV), current property value, PER CENT ("Sidste krone")
C74: Per cent
C75: 0 - 19,9 | D75: 20 - 39,9 | E75: 40 - 59,9 | F75: 60 - 69,9 | G75: 70 - 79,9 | H75: 80 - 84,9 | I75: 85 - 89,9 | J75: 90 - 94,9 | K75: 95 - 100 | L75: > 100 | N75: Avg. LTV
B77: Owner-occupied homes | C77: 0 | D77: 0 | E77: 0 | F77: 0 | G77: 0 | H77: 0 | I77: 0 | J77: 0 | K77: 0 | L77: 0 | N77: 0
B78: Holiday houses | C78: 0 | D78: 0 | E78: 0 | F78: 0 | G78: 0 | H78: 0 | I78: 0 | J78: 0 | K78: 0 | L78: 0 | N78: 0
B79: Subsidised Housing | C79: 0 | D79: 0 | E79: 0 | F79: 0 | G79: 0 | H79: 0 | I79: 0 | J79: 0 | K79: 0 | L79: 0 | N79: 0
B80: Cooperative Housing | C80: 0.0061 | D80: 0.0171 | E80: 0.0073 | F80: 0.0006 | G80: 0 | H80: 0 | I80: 0 | J80: 0 | K80: 0 | L80: 0.0001 | N80: 0.3178
B81: Private rental | C81: 0.005 | D81: 0.0158 | E81: 0.0798 | F81: 0.0364 | G81: 0.0133 | H81: 0.0001 | I81: 0.0009 | J81: 0.0007 | K81: 0.0006 | L81: 0.0002 | N81: 0.5517
B82: Manufacturing and Manual Industries | C82: 0.0088 | D82: 0.0291 | E82: 0.0949 | F82: 0.0202 | G82: 0.0035 | H82: 0.0025 | I82: 0.0031 | J82: 0.0044 | K82: 0.0042 | L82: 0.0106 | N82: 0.5585
B83: Office and Business | C83: 0.0178 | D83: 0.06 | E83: 0.2296 | F83: 0.0561 | G83: 0.0086 | H83: 0.0038 | I83: 0.0006 | J83: 0.0022 | K83: 0.0004 | L83: 0.0058 | N83: 0.505
B84: Agricultutal properties | C84: 0.0098 | D84: 0.0464 | E84: 0.0651 | F84: 0.0271 | G84: 0.0082 | H84: 0.0014 | I84: 0 | J84: 0.0009 | K84: 0.0005 | L84: 0 | N84: 0.4695
B85: Properties for social and cultural purposes | C85: 0.0011 | D85: 0.0091 | E85: 0.0526 | F85: 0.0097 | G85: 0.0051 | H85: 0.001 | I85: 0 | J85: 0 | K85: 0.0001 | L85: 0 | N85: 0.5262
B86: Other | C86: 0.0008 | D86: 0.0026 | E86: 0.0044 | F86: 0.0008 | G86: 0.0022 | H86: 0 | I86: 0.0001 | J86: 0.0003 | K86: 0 | L86: 0 | N86: 0.515
B88: Total | C88: 0.0495 | D88: 0.1801 | E88: 0.5337 | F88: 0.151 | G88: 0.0411 | H88: 0.0088 | I88: 0.0048 | J88: 0.0084 | K88: 0.0059 | L88: 0.0167 | N88: 0.5121
B93: Table S4a
B95: Lending, by-loan to-value (LTV) buckets and Ship Type, DKKbn
C96: Absolute figures
C97: 0 - 19,9 | D97: 20 - 39,9 | E97: 40 - 59,9 | F97: 60 - 69,9 | G97: 70 - 79,9 | H97: 80 - 84,9 | I97: 85 - 89,9 | J97: 90 - 94,9 | K97: 95 - 100 | L97: > 100 | N97: Avg. Weighted LTV
B99: Bulk Carriers
B100: LPG
B101: LNG
B102: Chemical Carriers
B103: Crude Oil Tankers
B104: Product Tankers
B105: Ferries/RO-RO
B106: Offshore Vessels
B107: Semi-submersible
B108: Container
B109: Other
B110: Total
... B117: Lending, by-loan to-value (LTV) buckets and Ship Type, per cent
C118: Per cent
C119: 0 - 19,9 | D119: 20 - 39,9 | E119: 40 - 59,9 | F119: 60 - 69,9 | G119: 70 - 79,9 | H119: 80 - 84,9 | I119: 85 - 89,9 | J119: 90 - 94,9 | K119: 95 - 100 | L119: > 100 | N119: Avg. Weighted LTV
B121: Bulk Carriers
B122: LPG
B123: LNG
B124: Chemical Carriers
B125: Crude Oil Tankers
B126: Product Tankers
B127: Ferries/RO-RO
B128: Offshore Vessels
B129: Semi-submersible
B130: Container
B131: Other
B132: Total
... B139: Lending, by-loan to-value (LTV) buckets and Ship Type, DKKbn ( Sidste krone")
C140: Absolute figures
C141: 0 - 19,9 | D141: 20 - 39,9 | E141: 40 - 59,9 | F141: 60 - 69,9 | G141: 70 - 79,9 | H141: 80 - 84,9 | I141: 85 - 89,9 | J141: 90 - 94,9 | K141: 95 - 100 | L141: > 100 | N141: Avg. Weighted LTV
B143: Bulk Carriers
B144: LPG
B145: LNG
B146: Chemical Carriers
B147: Crude Oil Tankers
B148: Product Tankers
...

Sheet Table 5 - Region - Ship type
B5: Table M5/B5 - Total
B7: Lending by region, DKKbn
C9: Greater Copenhagen area (Region Hovedstaden) | D9: Remaining Zealand & Bornholm (Region Sjælland) | E9: Northern Jutland (Region Nordjylland) | F9: Eastern Jutland (Region Midtjylland) | G9: Southern Jutland & Funen (Region Syddanmark) | H9: Outside Denmark | I9: Total
B11: Owner-occupied homes | H11: 0 | I11: 0
B12: Holiday houses | H12: 0 | I12: 0
B13: Subsidised Housing | H13: 0 | I13: 0
B14: Cooperative Housing | H14: 1.46 | I14: 1.46
B15: Private rental | H15: 7.16 | I15: 7.16
B16: Manufacturing and Manual Industries | H16: 8.49 | I16: 8.49
B17: Office and Business | H17: 18.03 | I17: 18.03
B18: Agricultutal properties | H18: 7.47 | I18: 7.47
B19: Properties for social and cultural purposes | H19: 3.69 | I19: 3.69
B20: Other | H20: 0.5289 | I20: 0.5289
B22: Total | H22: 46.83 | I22: 46.83
B25: Tables M5x below are distributed by issuer's choice. Must sum to column "Outside Denmark" in table M5
B27: Table M5a - Sweden
B29: Lending by region, DKKbn
C31: Stockholm | D31: Eastern Central | E31: Småland and islands | F31: South | G31: West | H31: North Central | I31: South Norrland
B33: Owner-occupied homes | C33: 0 | D33: 0 | E33: 0 | F33: 0 | G33: 0 | H33: 0 | I33: 0
B34: Holiday houses | C34: 0 | D34: 0 | E34: 0 | F34: 0 | G34: 0 | H34: 0 | I34: 0
B35: Subsidised Housing | C35: 0 | D35: 0 | E35: 0 | F35: 0 | G35: 0 | H35: 0 | I35: 0
B36: Cooperative Housing | C36: 0.2728 | D36: 0.0088 | E36: 0.0456 | F36: 0.0423 | G36: 0.0212 | H36: 0.0338 | I36: 0.1029
B37: Private rental | C37: 1.87 | D37: 0.2474 | E37: 0.8786 | F37: 0.8787 | G37: 0.7803 | H37: 0.2742 | I37: 0.5799
B38: Manufacturing and Manual Industries | C38: 0.7093 | D38: 0.6356 | E38: 0.4118 | F38: 0.8764 | G38: 0.6696 | H38: 0.4392 | I38: 1.47
B39: Office and Business | C39: 2.49 | D39: 1.93 | E39: 0.8009 | F39: 1 | G39: 1.04 | H39: 0.6154 | I39: 1.64
B40: Agricultutal properties | C40: 0.2813 | D40: 0.1008 | E40: 0.3966 | F40: 2.17 | G40: 1.14 | H40: 0.6226 | I40: 2.74
B41: Properties for social and cultural purposes | C41: 1.17 | D41: 0.3094 | E41: 0.145 | F41: 0.439 | G41: 0.3627 | H41: 0.0696 | I41: 0.3006
B42: Other | C42: 0.099 | D42: 0.0785 | E42: 0.0038 | F42: 0.027 | G42: 0.0177 | H42: 0.0472 | I42: 0.0852
B44: Total | C44: 6.89 | D44: 3.31 | E44: 2.68 | F44: 5.44 | G44: 4.03 | H44: 2.1 | I44: 6.92
B49: Table M5b - Norway
B51: Lending by region, DKKbn
C53: OSLO | D53: AGDER & ROGALAND | E53: VESTLAND, MØRE & ROMSDAL | F53: VESTFOLD, TELEMARK & VIKEN | G53: TRØNDELAG | H53: TROMS, FINNMARK & NORDLAND | I53: INNLANDET | J53: ØSTFOLD, AKERSHUS, BUSKERUD
B55: Owner-occupied homes | C55: 0 | D55: 0 | E55: 0 | F55: 0 | G55: 0 | H55: 0 | I55: 0 | J55: 0
B56: Holiday houses | C56: 0 | D56: 0 | E56: 0 | F56: 0 | G56: 0 | H56: 0 | I56: 0 | J56: 0
B57: Subsidised Housing | C57: 0 | D57: 0 | E57: 0 | F57: 0 | G57: 0 | H57: 0 | I57: 0 | J57: 0
B58: Cooperative Housing | C58: 0.1048 | D58: 0.1241 | E58: 0.2241 | F58: 0 | G58: 0.4087 | H58: 0.0481 | I58: 0 | J58: 0.024161734
B59: Private rental | C59: 0.5128 | D59: 0.1134 | E59: 0.2113 | F59: 0.0698 | G59: 0.2 | H59: 0.2624 | I59: 0.0044 | J59: 0.28
B60: Manufacturing and Manual Industries | C60: 0.0211 | D60: 0.5632 | E60: 0.7249 | F60: 0.2957 | G60: 0.5568 | H60: 0.509 | I60: 0.0534 | J60: 0.54
B61: Office and Business | C61: 2.22 | D61: 0.7638 | E61: 0.9034 | F61: 0.2638 | G61: 1.28 | H61: 0.3255 | I61: 0.1174 | J61: 2.6421547
B62: Agricultutal properties | C62: 0 | D62: 0 | E62: 0 | F62: 0 | G62: 0.0148 | H62: 0.0005 | I62: 0 | J62: 0.0010548118
B63: Properties for social and cultural purposes | C63: 0.3546 | D63: 0.2083 | E63: 0 | F63: 0.1513 | G63: 0.1079 | H63: 0.0009 | I63: 0 | J63: 0.07
B64: Other | C64: 0.0022 | D64: 0 | E64: 0.0377 | F64: 0.0064 | G64: 0.0142 | H64: 0.065 | I64: 0 | J64: 0.0045054558
B66: Total | C66: 3.22 | D66: 1.77 | E66: 2.1 | F66: 0.787 | G66: 2.58 | H66: 1.21 | I66: 0.1752 | J66: 3.5639008
B71: Table S5
B73: Lending by region and ship type, DKKbn
C75: Europe | D75: North America | E75: South America | F75: Asia | G75: Africa | H75: Australia | I75: Total
B77: Bulk Carriers | C77: 0 | D77: 0 | E77: 0 | F77: 0 | G77: 0 | H77: 0 | I77: =SUM(C77:H77) -> 0
B78: LPG | C78: 0 | D78: 0 | E78: 0 | F78: 0 | G78: 0 | H78: 0 | I78: =SUM(C78:H78) -> 0
B79: LNG | C79: 0 | D79: 0 | E79: 0 | F79: 0 | G79: 0 | H79: 0 | I79: =SUM(C79:H79) -> 0
B80: Chemical Carriers | C80: 0 | D80: 0 | E80: 0 | F80: 0 | G80: 0 | H80: 0 | I80: =SUM(C80:H80) -> 0
B81: Crude Oil Tankers | C81: 0 | D81: 0 | E81: 0 | F81: 0 | G81: 0 | H81: 0 | I81: =SUM(C81:H81) -> 0
B82: Product Tankers | C82: 0 | D82: 0 | E82: 0 | F82: 0 | G82: 0 | H82: 0 | I82: =SUM(C82:H82) -> 0
B83: Ferries/RO-RO | C83: 0 | D83: 0 | E83: 0 | F83: 0 | G83: 0 | H83: 0 | I83: =SUM(C83:H83) -> 0
B84: Offshore Vessels | C84: 0 | D84: 0 | E84: 0 | F84: 0 | G84: 0 | H84: 0 | I84: =SUM(C84:H84) -> 0
B85: Semi-submersible | C85: 0 | D85: 0 | E85: 0 | F85: 0 | G85: 0 | H85: 0 | I85: =SUM(C85:H85) -> 0
B86: Container | C86: 0 | D86: 0 | E86: 0 | F86: 0 | G86: 0 | H86: 0 | I86: =SUM(C86:H86) -> 0
B87: Other | C87: 0 | D87: 0 | E87: 0 | F87: 0 | G87: 0 | H87: 0 | I87: =SUM(C87:H87) -> 0
B88: Total | C88: =SUM(C77:C87) -> 0 | D88: =SUM(D77:D87) -> 0 | E88: =SUM(E77:E87) -> 0 | F88: =SUM(F77:F87) -> 0 | G88: =SUM(G77:G87) -> 0 | H88: =SUM(H77:H87) -> 0 | I88: =SUM(I77:I87) -> 0
B93: Table S5 - Europe
B94: Lending by region and ship type, DKKbn
C96: Denmark | D96: Norway | E96: Sweden | F96: Finland | G96: Iceland | H96: Netherlands | I96: Belgium | J96: Germany | K96: Great Britain | L96: France | M96: Italy | N96: Switzerland | O96: Greece | P96: Luxembourg | Q96: Cyprus | R96: Monaco | S96: Others | T96: Total
B98: Bulk Carriers | C98: 0 | D98: 0 | E98: 0 | F98: 0 | G98: 0 | H98: 0 | I98: 0 | J98: 0 | K98: 0 | L98: 0 | M98: 0 | N98: 0 | O98: 0 | P98: 0 | Q98: 0 | R98: 0 | S98: 0 | T98: =SUM(D98:S98) -> 0
B99: LPG | C99: 0 | D99: 0 | E99: 0 | F99: 0 | G99: 0 | H99: 0 | I99: 0 | J99: 0 | K99: 0 | L99: 0 | M99: 0 | N99: 0 | O99: 0 | P99: 0 | Q99: 0 | R99: 0 | S99: 0 | T99: =SUM(D99:S99) -> 0
B100: LNG | C100: 0 | D100: 0 | E100: 0 | F100: 0 | G100: 0 | H100: 0 | I100: 0 | J100: 0 | K100: 0 | L100: 0 | M100: 0 | N100: 0 | O100: 0 | P100: 0 | Q100: 0 | R100: 0 | S100: 0 | T100: =SUM(D100:S100) -> 0
B101: Chemical Carriers | C101: 0 | D101: 0 | E101: 0 | F101: 0 | G101: 0 | H101: 0 | I101: 0 | J101: 0 | K101: 0 | L101: 0 | M101: 0 | N101: 0 | O101: 0 | P101: 0 | Q101: 0 | R101: 0 | S101: 0 | T101: =SUM(D101:S101) -> 0
B102: Crude Oil Tankers | C102: 0 | D102: 0 | E102: 0 | F102: 0 | G102: 0 | H102: 0 | I102: 0 | J102: 0 | K102: 0 | L102: 0 | M102: 0 | N102: 0 | O102: 0 | P102: 0 | Q102: 0 | R102: 0 | S102: 0 | T102: =SUM(D102:S102) -> 0
B103: Product Tankers | C103: 0 | D103: 0 | E103: 0 | F103: 0 | G103: 0 | H103: 0 | I103: 0 | J103: 0 | K103: 0 | L103: 0 | M103: 0 | N103: 0 | O103: 0 | P103: 0 | Q103: 0 | R103: 0 | S103: 0 | T103: =SUM(D103:S103) -> 0
B104: Ferries/RO-RO | C104: 0 | D104: 0 | E104: 0 | F104: 0 | G104: 0 | H104: 0 | I104: 0 | J104: 0 | K104: 0 | L104: 0 | M104: 0 | N104: 0 | O104: 0 | P104: 0 | Q104: 0 | R104: 0 | S104: 0 | T104: =SUM(D104:S104) -> 0
B105: Offshore Vessels | C105: 0 | D105: 0 | E105: 0 | F105: 0 | G105: 0 | H105: 0 | I105: 0 | J105: 0 | K105: 0 | L105: 0 | M105: 0 | N105: 0 | O105: 0 | P105: 0 | Q105: 0 | R105: 0 | S105: 0 | T105: =SUM(D105:S105) -> 0
B106: Semi-submersible | C106: 0 | D106: 0 | E106: 0 | F106: 0 | G106: 0 | H106: 0 | I106: 0 | J106: 0 | K106: 0 | L106: 0 | M106: 0 | N106: 0 | O106: 0 | P106: 0 | Q106: 0 | R106: 0 | S106: 0 | T106: =SUM(D106:S106) -> 0
B107: Container | C107: 0 | D107: 0 | E107: 0 | F107: 0 | G107: 0 | H107: 0 | I107: 0 | J107: 0 | K107: 0 | L107: 0 | M107: 0 | N107: 0 | O107: 0 | P107: 0 | Q107: 0 | R107: 0 | S107: 0 | T107: =SUM(D107:S107) -> 0
B108: Other | C108: 0 | D108: 0 | E108: 0 | F108: 0 | G108: 0 | H108: 0 | I108: 0 | J108: 0 | K108: 0 | L108: 0 | M108: 0 | N108: 0 | O108: 0 | P108: 0 | Q108: 0 | R108: 0 | S108: 0 | T108: =SUM(D108:S108) -> 0
B109: Total | C109: =SUM(C98:C108) -> 0 | D109: =SUM(D98:D108) -> 0 | E109: =SUM(E98:E108) -> 0 | F109: =SUM(F98:F108) -> 0 | G109: =SUM(G98:G108) -> 0 | H109: =SUM(H98:H108) -> 0 | I109: =SUM(I98:I108) -> 0 | J109: =SUM(J98:J108) -> 0 | ... T109: =SUM(T98:T108) -> 0
I112: To Contents

Sheet Table 6-8 - Lending by loan
B5: Table M6/B6
B6: Lending by loan type - IO Loans, DKKbn
C8: Owner-occupied homes | D8: Holiday houses | E8: Subsidised Housing | F8: Cooperative Housing | G8: Private rental | H8: Manufacturing and Manual Industries | I8: Office and Business | J8: Agriculture | K8: Social and cultural purposes | L8: Other | M8: Total
B9: Index Loans | C9: 0 | D9: 0 | E9: 0 | F9: 0 | G9: 0 | H9: 0 | I9: 0 | J9: 0 | K9: 0 | L9: 0 | M9: 0
B10: Fixed-rate to maturity | C10: 0 | D10: 0 | E10: 0 | F10: 0 | G10: 0 | H10: 0 | I10: 0 | J10: 0 | K10: 0 | L10: 0 | M10: 0
B11: Fixed-rate shorter period than maturity (ARM's etc.) | C11: 0 | D11: 0 | E11: 0 | F11: 0 | G11: 0 | H11: 0 | I11: 0 | J11: 0 | K11: 0 | L11: 0 | M11: 0
B12: - rate fixed ≤ 1 year | C12: 0 | D12: 0 | E12: 0 | F12: 0.6319 | G12: 3.37 | H12: 1.35 | I12: 5.11 | J12: 3.42 | K12: 0.2326 | L12: 0.1676 | M12: 14.28
B13: - rate fixed > 1 and ≤ 3 years | C13: 0 | D13: 0 | E13: 0 | F13: 0 | G13: 0 | H13: 0 | I13: 0 | J13: 0 | K13: 0 | L13: 0 | M13: 0
B14: - rate fixed > 3 and ≤ 5 years | C14: 0 | D14: 0 | E14: 0 | F14: 0 | G14: 0 | H14: 0 | I14: 0 | J14: 0 | K14: 0 | L14: 0 | M14: 0
B15: - rate fixed > 5 years | C15: 0 | D15: 0 | E15: 0 | F15: 0 | G15: 0 | H15: 0 | I15: 0 | J15: 0 | K15: 0 | L15: 0 | M15: 0
B16: Money market based loans | C16: 0 | D16: 0 | E16: 0 | F16: 0 | G16: 0 | H16: 0 | I16: 0 | J16: 0 | K16: 0 | L16: 0 | M16: 0
B17: - Non Capped floaters | C17: 0 | D17: 0 | E17: 0 | F17: 0 | G17: 0 | H17: 0 | I17: 0 | J17: 0 | K17: 0 | L17: 0 | M17: 0
B18: - Capped floaters | C18: 0 | D18: 0 | E18: 0 | F18: 0 | G18: 0 | H18: 0 | I18: 0 | J18: 0 | K18: 0 | L18: 0 | M18: 0
B19: Other | C19: 0 | D19: 0 | E19: 0 | F19: 0 | G19: 0 | H19: 0 | I19: 0 | J19: 0 | K19: 0 | L19: 0 | M19: 0
B20: Total | C20: 0 | D20: 0 | E20: 0 | F20: 0.6319 | G20: 3.37 | H20: 1.35 | I20: 5.11 | J20: 3.42 | K20: 0.2326 | L20: 0.1676 | M20: 14.28
B21: *Interest-only loans at time of compilation. Interest-only is typically limited to a maximum of 10 years
B25: Table M7/B7
B26: Lending by loan type - Repayment Loans / Amortizing Loans, DKKbn
C28: Owner-occupied homes | D28: Holiday houses | E28: Subsidised Housing | F28: Cooperative Housing | G28: Private rental | H28: Manufacturing and Manual Industries | I28: Office and Business | J28: Agriculture | K28: Social and cultural purposes | L28: Other | M28: Total
B29: Index Loans | C29: 0 | D29: 0 | E29: 0 | F29: 0 | G29: 0 | H29: 0 | I29: 0 | J29: 0 | K29: 0 | L29: 0 | M29: 0
B30: Fixed-rate to maturity | C30: 0 | D30: 0 | E30: 0 | F30: 0 | G30: 0 | H30: 0 | I30: 0 | J30: 0 | K30: 0 | L30: 0 | M30: 0
B31: Fixed-rate shorter period than maturity (ARM's etc.) | C31: 0 | D31: 0 | E31: 0 | F31: 0 | G31: 0 | H31: 0 | I31: 0 | J31: 0 | K31: 0 | L31: 0 | M31: 0
B32: - rate fixed ≤ 1 year | C32: 0 | D32: 0 | E32: 0 | F32: 0.8296 | G32: 3.79 | H32: 7.14 | I32: 12.93 | J32: 4.05 | K32: 3.45 | L32: 0.3613 | M32: 32.55
B33: - rate fixed > 1 and ≤ 3 years | C33: 0 | D33: 0 | E33: 0 | F33: 0 | G33: 0 | H33: 0 | I33: 0 | J33: 0 | K33: 0 | L33: 0 | M33: 0
B34: - rate fixed > 3 and ≤ 5 years | C34: 0 | D34: 0 | E34: 0 | F34: 0 | G34: 0 | H34: 0 | I34: 0 | J34: 0 | K34: 0 | L34: 0 | M34: 0
B35: - rate fixed > 5 years | C35: 0 | D35: 0 | E35: 0 | F35: 0 | G35: 0 | H35: 0 | I35: 0 | J35: 0 | K35: 0 | L35: 0 | M35: 0
B36: Money market based loans | C36: 0 | D36: 0 | E36: 0 | F36: 0 | G36: 0 | H36: 0 | I36: 0 | J36: 0 | K36: 0 | L36: 0 | M36: 0
B37: Non Capped floaters | C37: 0 | D37: 0 | E37: 0 | F37: 0 | G37: 0 | H37: 0 | I37: 0 | J37: 0 | K37: 0 | L37: 0 | M37: 0
B38: Capped floaters | C38: 0 | D38: 0 | E38: 0 | F38: 0 | G38: 0 | H38: 0 | I38: 0 | J38: 0 | K38: 0 | L38: 0 | M38: 0
B39: Other | C39: 0 | D39: 0 | E39: 0 | F39: 0 | G39: 0 | H39: 0 | I39: 0 | J39: 0 | K39: 0 | L39: 0 | M39: 0
B40: Total | C40: 0 | D40: 0 | E40: 0 | F40: 0.8296 | G40: 3.79 | H40: 7.14 | I40: 12.93 | J40: 4.05 | K40: 3.45 | L40: 0.3613 | M40: 32.55
B45: Table M8/B8
B46: Lending by loan type - All loans, DKKbn
C48: Owner-occupied homes | D48: Holiday houses | E48: Subsidised Housing | F48: Cooperative Housing | G48: Private rental | H48: Manufacturing and Manual Industries | I48: Office and Business | J48: Agriculture | K48: Social and cultural purposes | L48: Other | M48: Total
B49: Index Loans | C49: 0 | D49: 0 | E49: 0 | F49: 0 | G49: 0 | H49: 0 | I49: 0 | J49: 0 | K49: 0 | L49: 0 | M49: 0
B50: Fixed-rate to maturity | C50: 0 | D50: 0 | E50: 0 | F50: 0 | G50: 0 | H50: 0 | I50: 0 | J50: 0 | K50: 0 | L50: 0 | M50: 0
B51: Fixed-rate shorter period than maturity (ARM's etc.) | C51: 0 | D51: 0 | E51: 0 | F51: 0 | G51: 0 | H51: 0 | I51: 0 | J51: 0 | K51: 0 | L51: 0 | M51: 0
B52: - rate fixed ≤ 1 year | C52: 0 | D52: 0 | E52: 0 | F52: 1.46 | G52: 7.16 | H52: 8.49 | I52: 18.03 | J52: 7.47 | K52: 3.69 | L52: 0.5289 | M52: 46.83
B53: - rate fixed > 1 and ≤ 3 years | C53: 0 | D53: 0 | E53: 0 | F53: 0 | G53: 0 | H53: 0 | I53: 0 | J53: 0 | K53: 0 | L53: 0 | M53: 0
B54: - rate fixed > 3 and ≤ 5 years | C54: 0 | D54: 0 | E54: 0 | F54: 0 | G54: 0 | H54: 0 | I54: 0 | J54: 0 | K54: 0 | L54: 0 | M54: 0
B55: - rate fixed > 5 years | C55: 0 | D55: 0 | E55: 0 | F55: 0 | G55: 0 | H55: 0 | I55: 0 | J55: 0 | K55: 0 | L55: 0 | M55: 0
B56: Money market based loans | C56: 0 | D56: 0 | E56: 0 | F56: 0 | G56: 0 | H56: 0 | I56: 0 | J56: 0 | K56: 0 | L56: 0 | M56: 0
B57: Non Capped floaters | C57: 0 | D57: 0 | E57: 0 | F57: 0 | G57: 0 | H57: 0 | I57: 0 | J57: 0 | K57: 0 | L57: 0 | M57: 0
B58: Capped floaters | C58: 0 | D58: 0 | E58: 0 | F58: 0 | G58: 0 | H58: 0 | I58: 0 | J58: 0 | K58: 0 | L58: 0 | M58: 0
B59: Other | C59: 0 | D59: 0 | E59: 0 | F59: 0 | G59: 0 | H59: 0 | I59: 0 | J59: 0 | K59: 0 | L59: 0 | M59: 0
B60: Total | C60: 0 | D60: 0 | E60: 0 | F60: 1.46 | G60: 7.16 | H60: 8.49 | I60: 18.03 | J60: 7.47 | K60: 3.69 | L60: 0.5289 | M60: 46.83
B65: Table S6
B66: Lending by loan type - Amortising loans, DKKbn
C68: Bulk Carriers | D68: LPG | E68: LNG | F68: Chemical Carriers | G68: Crude Oil Tankers | H68: Product Tankers | I68: Ferries/RO-RO | J68: Offshore Vessels | K68: Semi-submersible | L68: Container | M68: Other | N68: Total
B69: Index loans | C69: 0 | D69: 0 | E69: 0 | F69: 0 | G69: 0 | H69: 0 | I69: 0 | J69: 0 | K69: 0 | L69: 0 | M69: 0 | N69: =SUM(C69:M69) -> 0
B70: Fixed-rate loans | C70: 0 | D70: 0 | E70: 0 | F70: 0 | G70: 0 | H70: 0 | I70: 0 | J70: 0 | K70: 0 | L70: 0 | M70: 0 | N70: =SUM(C70:M70) -> 0
B71: Adjustable Rate Mortgages | C71: 0 | D71: 0 | E71: 0 | F71: 0 | G71: 0 | H71: 0 | I71: 0 | J71: 0 | K71: 0 | L71: 0 | M71: 0 | N71: =SUM(C71:M71) -> 0
B72: Money market based loans | C72: 0 | D72: 0 | E72: 0 | F72: 0 | G72: 0 | H72: 0 | I72: 0 | J72: 0 | K72: 0 | L72: 0 | M72: 0 | N72: =SUM(C72:M72) -> 0
B73: Non capped floaters | C73: 0 | D73: 0 | E73: 0 | F73: 0 | G73: 0 | H73: 0 | I73: 0 | J73: 0 | K73: 0 | L73: 0 | M73: 0 | N73: =SUM(C73:M73) -> 0
B74: Other | C74: 0 | D74: 0 | E74: 0 | F74: 0 | G74: 0 | H74: 0 | I74: 0 | J74: 0 | K74: 0 | L74: 0 | M74: 0 | N74: =SUM(C74:M74) -> 0
B75: Total | C75: =SUM(C69:C74) -> 0 | D75: =SUM(D69:D74) -> 0 | E75: =SUM(E69:E74) -> 0 | F75: =SUM(F69:F74) -> 0 | G75: =SUM(G69:G74) -> 0 | H75: =SUM(H69:H74) -> 0 | I75: =SUM(I69:I74) -> 0 | J75: =SUM(J69:J74) -> 0 | ... N75: =SUM(N69:N74) -> 0
B76: *Danish Ship Finance do not provide Interest-only loans, why entire loan stock consist solely of amortising loans
B78: Table S7
B79: Lending distributed by Seasoning and ship type, DKKbn (seasoning defined by duration of customer relationship)
C81: Bulk Carriers | D81: LPG | E81: LNG | F81: Chemical Carriers | G81: Crude Oil Tankers | H81: Product Tankers | I81: Ferries/RO-RO | J81: Offshore Vessels | K81: Semi-submersible | L81: Container | M81: Other | N81: Total
B82: < 12 months | C82: 0 | D82: 0 | E82: 0 | F82: 0 | G82: 0 | H82: 0 | I82: 0 | J82: 0 | K82: 0 | L82: 0 | M82: 0 | N82: =SUM(C82:M82) -> 0
B83: ≥ 12 - ≤ 24 months | C83: 0 | D83: 0 | E83: 0 | F83: 0 | G83: 0 | H83: 0 | I83: 0 | J83: 0 | K83: 0 | L83: 0 | M83: 0 | N83: =SUM(C83:M83) -> 0
B84: ≥ 24 - ≤ 36 months | C84: 0 | D84: 0 | E84: 0 | F84: 0 | G84: 0 | H84: 0 | I84: 0 | J84: 0 | K84: 0 | L84: 0 | M84: 0 | N84: =SUM(C84:M84) -> 0
B85: ≥ 36 - ≤ 60 months | C85: 0 | D85: 0 | E85: 0 | F85: 0 | G85: 0 | H85: 0 | I85: 0 | J85: 0 | K85: 0 | L85: 0 | M85: 0 | N85: =SUM(C85:M85) -> 0
B86: ≥ 60 - ≤ 120 months | C86: 0 | D86: 0 | E86: 0 | F86: 0 | G86: 0 | H86: 0 | I86: 0 | J86: 0 | K86: 0 | L86: 0 | M86: 0 | N86: =SUM(C86:M86) -> 0
B87: ≥ 120 months | C87: 0 | D87: 0 | E87: 0 | F87: 0 | G87: 0 | H87: 0 | I87: 0 | J87: 0 | K87: 0 | L87: 0 | M87: 0 | N87: =SUM(C87:M87) -> 0
B88: Total | C88: =SUM(C82:C87) -> 0 | D88: =SUM(D82:D87) -> 0 | E88: =SUM(E82:E87) -> 0 | F88: =SUM(F82:F87) -> 0 | G88: =SUM(G82:G87) -> 0 | H88: =SUM(H82:H87) -> 0 | I88: =SUM(I82:I87) -> 0 | J88: =SUM(J82:J87) -> 0 | ... N88: =SUM(N82:N87) -> 0
B91: Table S8
B92: Lending distributed by remaining maturity and ship type, DKKbn
C94: Bulk Carriers | D94: LPG | E94: LNG | F94: Chemical Carriers | G94: Crude Oil Tankers | H94: Product Tankers | I94: Ferries/RO-RO | J94: Offshore Vessels | K94: Semi-submersible | L94: Container | M94: Other | N94: Total
B95: < 1 year | C95: 0 | D95: 0 | E95: 0 | F95: 0 | G95: 0 | H95: 0 | I95: 0 | J95: 0 | K95: 0 | L95: 0 | M95: 0 | N95: =SUM(C95:M95) -> 0
B96: ≥ 1 - ≤ 3 years | C96: 0 | D96: 0 | E96: 0 | F96: 0 | G96: 0 | H96: 0 | I96: 0 | J96: 0 | K96: 0 | L96: 0 | M96: 0 | N96: =SUM(C96:M96) -> 0
B97: ≥ 3 - ≤ 5 years | C97: 0 | D97: 0 | E97: 0 | F97: 0 | G97: 0 | H97: 0 | I97: 0 | J97: 0 | K97: 0 | L97: 0 | M97: 0 | N97: =SUM(C97:M97) -> 0
B98: ≥ 5 - ≤ 10 years | C98: 0 | D98: 0 | E98: 0 | F98: 0 | G98: 0 | H98: 0 | I98: 0 | J98: 0 | K98: 0 | L98: 0 | M98: 0 | N98: =SUM(C98:M98) -> 0
B99: > 10 years | C99: 0 | D99: 0 | E99: 0 | F99: 0 | G99: 0 | H99: 0 | I99: 0 | J99: 0 | K99: 0 | L99: 0 | M99: 0 | N99: =SUM(C99:M99) -> 0
B100: Total | C100: =SUM(C95:C99) -> 0 | D100: =SUM(D95:D99) -> 0 | E100: =SUM(E95:E99) -> 0 | F100: =SUM(F95:F99) -> 0 | G100: =SUM(G95:G99) -> 0 | H100: =SUM(H95:H99) -> 0 | I100: =SUM(I95:I99) -> 0 | J100: =SUM(J95:J99) -> 0 | ... N100: =SUM(N95:N99) -> 0
N103: To Contents

Sheet Table 9-13 - Lending
B5: Table M9/B9
B6: Lending by Seasoning, DKKbn (Seasoning defined by duration of customer relationship)
C8: Owner-occupied homes | D8: Holiday houses | E8: Subsidised Housing | F8: Cooperative Housing | G8: Private rental | H8: Manufacturing and Manual Industries | I8: Office and Business | J8: Agriculture | K8: Social and cultural purposes | L8: Other | M8: Total
B9: < 12 months | C9: 0 | D9: 0 | E9: 0 | F9: 0.584 | G9: 3.74 | H9: 3.46 | I9: 8.03 | J9: 3.31 | K9: 2.25 | L9: 0.1098 | M9: 21.48
B10: ≥ 12 - ≤ 24 months | C10: 0 | D10: 0 | E10: 0 | F10: 0.1815 | G10: 1.65 | H10: 2.35 | I10: 3.66 | J10: 2.35 | K10: 0.7796 | L10: 0.2348 | M10: 11.21
B11: ≥ 24 - ≤ 36 months | C11: 0 | D11: 0 | E11: 0 | F11: 0.1725 | G11: 0.7781 | H11: 1.8 | I11: 4.14 | J11: 1.27 | K11: 0.5821 | L11: 0.0939 | M11: 8.83
B12: ≥ 36 - ≤ 60 months | C12: 0 | D12: 0 | E12: 0 | F12: 0.2684 | G12: 0.5436 | H12: 0.4942 | I12: 1.26 | J12: 0.4303 | K12: 0.0565 | L12: 0.0676 | M12: 3.13
B13: ≥ 60 months | C13: 0 | D13: 0 | E13: 0 | F13: 0.2552 | G13: 0.445 | H13: 0.3907 | I13: 0.9443 | J13: 0.1127 | K13: 0.0185 | L13: 0.0228 | M13: 2.19
B14: Total | C14: 0 | D14: 0 | E14: 0 | F14: 1.46 | G14: 7.16 | H14: 8.49 | I14: 18.03 | J14: 7.47 | K14: 3.69 | L14: 0.5289 | M14: 46.83
B19: Table M10/B10
B20: Lending by remaining maturity, DKKbn
C22: Owner-occupied homes | D22: Holiday houses | E22: Subsidised Housing | F22: Cooperative Housing | G22: Private rental | H22: Manufacturing and Manual Industries | I22: Office and Business | J22: Agriculture | K22: Social and cultural purposes | L22: Other | M22: Total
B23: < 1 Years | C23: 0 | D23: 0 | E23: 0 | F23: 0.6565 | G23: 3.18 | H23: 3.03 | I23: 6.8 | J23: 1.99 | K23: 1.58 | L23: 0.2411 | M23: 17.47
B24: ≥ 1 - ≤ 3 Years | C24: 0 | D24: 0 | E24: 0 | F24: 0.4001 | G24: 3.17 | H24: 3.9 | I24: 9.66 | J24: 1.83 | K24: 1.57 | L24: 0.1575 | M24: 20.69
B25: ≥ 3 - ≤ 5 Years | C25: 0 | D25: 0 | E25: 0 | F25: 0.1641 | G25: 0.3851 | H25: 0.2411 | I25: 0.4539 | J25: 0.3449 | K25: 0.0382 | L25: 0.0197 | M25: 1.65
B26: ≥ 5 - ≤ 10 Years | C26: 0 | D26: 0 | E26: 0 | F26: 0.003 | G26: 0.043 | H26: 0.2307 | I26: 0.1313 | J26: 1.26 | K26: 0.2089 | L26: 0.0166 | M26: 1.9
B27: ≥ 10 - ≤ 20 Years | C27: 0 | D27: 0 | E27: 0 | F27: 0.134 | G27: 0.0715 | H27: 0.5671 | I27: 0.3723 | J27: 0.6407 | K27: 0.018 | L27: 0.0719 | M27: 1.88
B28: ≥ 20 Years | C28: 0 | D28: 0 | E28: 0 | F28: 0.1038 | G28: 0.3094 | H28: 0.5182 | I28: 0.6151 | J28: 1.4 | K28: 0.2712 | L28: 0.0221 | M28: 3.24
B29: Total | C29: 0 | D29: 0 | E29: 0 | F29: 1.46 | G29: 7.16 | H29: 8.49 | I29: 18.03 | J29: 7.47 | K29: 3.69 | L29: 0.5289 | M29: 46.83
B34: Table M11/B11
B35: 90 day Non-performing loans by property type, as percentage of total payments, %
C37: Owner-occupied homes | D37: Holiday houses | E37: Subsidised Housing | F37: Cooperative Housing | G37: Private rental | H37: Manufacturing and Manual Industries | I37: Office and Business | J37: Agriculture | K37: Social and cultural purposes | L37: Other | M37: Total
B38: 90 day NPL
B39: Note: 90-days arrear as of Q1 2013 (See definition in table X1)
B44: Table M11a/B11a
B45: 90 day Non-performing loans by property type, as percentage of lending, %
C47: Owner-occupied homes | D47: Holiday houses | E47: Subsidised Housing | F47: Cooperative Housing | G47: Private rental | H47: Manufacturing and Manual Industries | I47: Office and Business | J47: Agriculture | K47: Social and cultural purposes | L47: Other | M47: Total
B48: 90 day NPL
B49: Note: 90-days arrear as of Q1 2013 (See definition in table X1)
B54: Table M11b/B11b
B55: 90 day Non-performing loans by property type, as percentage of lending, by continous LTV bracket, %
C57: Owner-occupied homes | D57: Holiday houses | E57: Subsidised Housing | F57: Cooperative Housing | G57: Private rental | H57: Manufacturing and Manual Industries | I57: Office and Business | J57: Agriculture | K57: Social and cultural purposes | L57: Other | M57: Total
B58: < 60per cent LTV | C58: xx,x | D58: xx,x | E58: xx,x | F58: xx,x | G58: xx,x | H58: xx,x | I58: xx,x | J58: xx,x | K58: xx,x | L58: xx,x | M58: xx,x
B59: 60-69.9 per cent LTV | C59: xx,x | D59: xx,x | E59: xx,x | F59: xx,x | G59: xx,x | H59: xx,x | I59: xx,x | J59: xx,x | K59: xx,x | L59: xx,x | M59: xx,x
B60: 70-79.9 per cent LTV | C60: xx,x | D60: xx,x | E60: xx,x | F60: xx,x | G60: xx,x | H60: xx,x | I60: xx,x | J60: xx,x | K60: xx,x | L60: xx,x | M60: xx,x
B61: 80-89.9 per cent LTV | C61: xx,x | D61: xx,x | E61: xx,x | F61: xx,x | G61: xx,x | H61: xx,x | I61: xx,x | J61: xx,x | K61: xx,x | L61: xx,x | M61: xx,x
B62: 90-100 per cent LTV | C62: xx,x | D62: xx,x | E62: xx,x | F62: xx,x | G62: xx,x | H62: xx,x | I62: xx,x | J62: xx,x | K62: xx,x | L62: xx,x | M62: xx,x
B63: >100 per cent LTV | C63: xx,x | D63: xx,x | E63: xx,x | F63: xx,x | G63: xx,x | H63: xx,x | I63: xx,x | J63: xx,x | K63: xx,x | L63: xx,x | M63: xx,x
B68: Table M12/B12
B69: Realised losses (DKKm)
C71: Owner-occupied homes | D71: Holiday houses | E71: Subsidised Housing | F71: Cooperative Housing | G71: Private rental | H71: Manufacturing and Manual Industries | I71: Office and Business | J71: Agriculture | K71: Social and cultural purposes | L71: Other | M71: Total
B72: Total realised losses | C72: x,xx | D72: x,xx | E72: x,xx | F72: x,xx | G72: x,xx | H72: x,xx | I72: x,xx | J72: x,xx | K72: x,xx | L72: x,xx | M72: x,xx
B77: Table M12a/B12a
B78: Realised losses (%)
C80: Owner-occupied homes | D80: Holiday houses | E80: Subsidised Housing | F80: Cooperative Housing | G80: Private rental | H80: Manufacturing and Manual Industries | I80: Office and Business | J80: Agriculture | K80: Social and cultural purposes | L80: Other | M80: Total
B81: Total realised losses, % | C81: x,xx | D81: x,xx | E81: x,xx | F81: x,xx | G81: x,xx | H81: x,xx | I81: x,xx | J81: x,xx | K81: x,xx | L81: x,xx | M81: x,xx
B82: Procent af gennemsnitlig restgæld
B85: Table S9
B86: Lending distributed by age of asset and ship type, DKKbn
C88: Bulk Carriers | D88: LPG | E88: LNG | F88: Chemical Carriers | G88: Crude Oil Tankers | H88: Product Tankers | I88: Ferries/RO-RO | J88: Offshore Vessels | K88: Semi-submersible | L88: Container | M88: Other | N88: Total
B89: < 1 year | C89: 0 | D89: 0 | E89: 0 | F89: 0 | G89: 0 | H89: 0 | I89: 0 | J89: 0 | K89: 0 | L89: 0 | M89: 0 | N89: =SUM(C89:M89) -> 0
B90: ≥ 1 - ≤ 3 years | C90: 0 | D90: 0 | E90: 0 | F90: 0 | G90: 0 | H90: 0 | I90: 0 | J90: 0 | K90: 0 | L90: 0 | M90: 0 | N90: =SUM(C90:M90) -> 0
B91: ≥ 3 - ≤ 5 years | C91: 0 | D91: 0 | E91: 0 | F91: 0 | G91: 0 | H91: 0 | I91: 0 | J91: 0 | K91: 0 | L91: 0 | M91: 0 | N91: =SUM(C91:M91) -> 0
B92: ≥ 5 - ≤ 10 years | C92: 0 | D92: 0 | E92: 0 | F92: 0 | G92: 0 | H92: 0 | I92: 0 | J92: 0 | K92: 0 | L92: 0 | M92: 0 | N92: =SUM(C92:M92) -> 0
B93: > 10 years | C93: 0 | D93: 0 | E93: 0 | F93: 0 | G93: 0 | H93: 0 | I93: 0 | J93: 0 | K93: 0 | L93: 0 | M93: 0 | N93: =SUM(C93:M93) -> 0
B94: Total | C94: =SUM(C89:C93) -> 0 | D94: =SUM(D89:D93) -> 0 | E94: =SUM(E89:E93) -> 0 | F94: =SUM(F89:F93) -> 0 | G94: =SUM(G89:G93) -> 0 | H94: =SUM(H89:H93) -> 0 | I94: =SUM(I89:I93) -> 0 | J94: =SUM(J89:J93) -> 0 | ... N94: =SUM(N89:N93) -> 0
B97: Table S10
B98: Lending distributed by classification societies and ship type, DKKbn
C100: Bulk | D100: LPG | E100: LNG | F100: Chemical Carriers | G100: Crude Oil Tankers | H100: Product Tankers | I100: Ferries/RO-RO | J100: Offshore Vessels | K100: Semi-Submersible | L100: Container | M100: Other | N100: Total
B101: American Bureau of Shippping | C101: 0 | D101: 0 | E101: 0 | F101: 0 | G101: 0 | H101: 0 | I101: 0 | J101: 0 | K101: 0 | L101: 0 | M101: 0 | N101: =SUM(C101:M101) -> 0
B102: Bureau Veritas | C102: 0 | D102: 0 | E102: 0 | F102: 0 | G102: 0 | H102: 0 | I102: 0 | J102: 0 | K102: 0 | L102: 0 | M102: 0 | N102: =SUM(C102:M102) -> 0
B103: Det Norske Veritas | C103: 0 | D103: 0 | E103: 0 | F103: 0 | G103: 0 | H103: 0 | I103: 0 | J103: 0 | K103: 0 | L103: 0 | M103: 0 | N103: =SUM(C103:M103) -> 0
B104: Germanischer Lloyd | C104: 0 | D104: 0 | E104: 0 | F104: 0 | G104: 0 | H104: 0 | I104: 0 | J104: 0 | K104: 0 | L104: 0 | M104: 0 | N104: =SUM(C104:M104) -> 0
B105: Lloyd's Register | C105: 0 | D105: 0 | E105: 0 | F105: 0 | G105: 0 | H105: 0 | I105: 0 | J105: 0 | K105: 0 | L105: 0 | M105: 0 | N105: =SUM(C105:M105) -> 0
B106: Nippon Kaiji Kyokai | C106: 0 | D106: 0 | E106: 0 | F106: 0 | G106: 0 | H106: 0 | I106: 0 | J106: 0 | K106: 0 | L106: 0 | M106: 0 | N106: =SUM(C106:M106) -> 0
B107: Polish Shipping Register S.A | C107: 0 | D107: 0 | E107: 0 | F107: 0 | G107: 0 | H107: 0 | I107: 0 | J107: 0 | K107: 0 | L107: 0 | M107: 0 | N107: =SUM(C107:M107) -> 0
B108: Registro Italiano Navale | C108: 0 | D108: 0 | E108: 0 | F108: 0 | G108: 0 | H108: 0 | I108: 0 | J108: 0 | K108: 0 | L108: 0 | M108: 0 | N108: =SUM(C108:M108) -> 0
B109: Total | C109: =SUM(C101:C108) -> 0 | D109: =SUM(D101:D108) -> 0 | E109: =SUM(E101:E108) -> 0 | F109: =SUM(F101:F108) -> 0 | G109: =SUM(G101:G108) -> 0 | H109: =SUM(H101:H108) -> 0 | I109: =SUM(I101:I108) -> 0 | J109: =SUM(J101:J108) -> 0 | ... N109: =SUM(N101:N108) -> 0
B113: Table S11a
B114: 90 day Non-performing loans, as percentage of lending, %
F115: Total
B116: 90 day NPL | F116: 0
B117: Total | F117: =SUM(F116:F116) -> 0
B119: Table S11b
B120: 90 day Non-performing loans, as percentage of lending, %
F121: Total
B122: < 80 percent LTV | F122: 0
B123: 80 - 89.9 percent LTV | F123: 0
B124: 90 - 100 percent LTV | F124: 0
B125: > 100 percent LTV | F125: 0
B126: Total | F126: =SUM(F122:F125) -> 0
B128: Table S12
B129: Realised losses (DKKm)
F130: Total
B131: 90 day NPL | F131: 0
B132: Total | F132: =SUM(F131:F131) -> 0
B134: Table S12a
B135: Realised losses (%)
F136: Total
B137: 90 day NPL | F137: 0
B138: Total | F138: =SUM(F137:F137) -> 0
B141: Table S13
B142: Lending distributed by size of ships and ship type, DKKbn
B144: Gross Ton. | C144: Bulk | D144: LPG | E144: LNG | F144: Chemical Carriers | G144: Crude Oil Tankers | H144: Product Tankers | I144: Ferries/RO-RO | J144: Offshore Vessels | K144: Semi-Submersible | L144: Container | M144: Other | N144: Total
B145: 0-25k | C145: 0 | D145: 0 | E145: 0 | F145: 0 | G145: 0 | H145: 0 | I145: 0 | J145: 0 | K145: 0 | L145: 0 | M145: 0 | N145: =SUM(C145:M145) -> 0
B146: 25-50k | C146: 0 | D146: 0 | E146: 0 | F146: 0 | G146: 0 | H146: 0 | I146: 0 | J146: 0 | K146: 0 | L146: 0 | M146: 0 | N146: =SUM(C146:M146) -> 0
B147: 50-100k | C147: 0 | D147: 0 | E147: 0 | F147: 0 | G147: 0 | H147: 0 | I147: 0 | J147: 0 | K147: 0 | L147: 0 | M147: 0 | N147: =SUM(C147:M147) -> 0
B148: 100k+ | C148: 0 | D148: 0 | E148: 0 | F148: 0 | G148: 0 | H148: 0 | I148: 0 | J148: 0 | K148: 0 | L148: 0 | M148: 0 | N148: =SUM(C148:M148) -> 0
B149: Others | C149: 0 | D149: 0 | E149: 0 | F149: 0 | G149: 0 | H149: 0 | I149: 0 | J149: 0 | K149: 0 | L149: 0 | M149: 0 | N149: =SUM(C149:M149) -> 0
B150: Total | C150: =SUM(C145:C149) -> 0 | D150: =SUM(D145:D149) -> 0 | E150: =SUM(E145:E149) -> 0 | F150: =SUM(F145:F149) -> 0 | G150: =SUM(G145:G149) -> 0 | H150: =SUM(H145:H149) -> 0 | I150: =SUM(I145:I149) -> 0 | J150: =SUM(J145:J149) -> 0 | ... N150: =SUM(N145:N149) -> 0
...

Sheet X1 Key Concepts
B7: Table X1
B8: Key Concepts Explanation | C8: General practice in Danish market | D8: If issuers Key Concepts Explanation differs from general practice: State and explain in this column.
B10: Residential versus commercial mortgages
B11: Description of the difference made between residential/owner occupied and commercial properties | C11: The Danish FSA sets guidelines for the grouping of property in categories. Property type is determined by its primary use.
C13: Property which primary purpose is owner occupation is characterised as residential. Whereas properties primarily used for commercial purposes are classified as commercial (cf. below).
B14: Describe when you classify a property as commercial? | C14: The Danish FSA sets guidelines for the grouping of property in categories. Examples of application of which classifies property as commercial are:
C15: · Office
B16: E.g.: Private rental, Manufacturing and Manual Industries, Offices and Business, Agriculture. | C16: · Retail/shop
C17: · Warehouse
C18: · Restaurants, inns etc.
C19: · Hotels and resorts
C20: · Congress and conference centres.
C21: · Campsites.
C22: · Traffic terminals, service stations, fire stations, auction and export houses.
C23: · Agriculture
C24: · Forestry
C25: · Nurseries
C26: · Ships
B28: NPL (Non-performing loans)
B29: Describe how you define NPLs | C29: A loan is categorised as non-performing when a borrower neglects a payment failing to pay instalments and / or interests.
C31: The NPL rate is calculated at different time periods after the original payment date. Standard in Table A is 90 day arrear.
C33: Commercial bank CB issuers adhere to the Basel definition of NPL.
B34: Explain how you distinguish between performing and nonperforming loans in the cover pool? | C34: No distinction made. Asset substitution i not allowed for specialised mortgage banks.
C36: The Basel definition of NPL’s is applied for commercial bank CB issuers
B37: Are NPLs parts of eligible assets in cover pool? Are NPL parts of non eligible assets in cover pool? | C37: Asset substitution i not allowed for specialised mortgage banks, hence NPLs are part of the cover pool.
C39: For commercial bank CB issuers NPL’s are eligible assets in the cover pool.
B40: Are loans in foreclosure procedure part of eligible assets in cover pool? | C40: Asset substitution i not allowed for specialised mortgage banks, hence loans in foreclosure are part of the cover pool.
C42: For commercial bank CB issuers loans in foreclosure procedure are eligible assets in the cover pool.
B43: If NPL and/or loans in foreclosure procedure are part of the covered pool which provisions are made in respect of the value of these loans in the cover pool? | C43: The Danish FSA set rules for loss provisioning. In case of objective evidence of impairment provisioning for loss must be made.
D45: To Contents

Sheet X2 Key Concepts
B3: Table X2
B4: Key Concepts Explanation | C4: Issuer specific
C5: (N/A for some issuers)
B7: Guaranteed loans (if part of the cover pool)
B8: How are the loans guaranteed?
B9: Please provide details of guarantors
B11: Loan-to-Value (LTV) | C11: Legal framework for valuation and LTV-calculation follow the rules of the Danish FSA - Bekendtgørelse nr. 687 af 20. juni 2007
B12: Describe the method on which your LTV calculation is based | C12: The publication contains two different ways to monitor LTV. One where loans are distributed continuously and one where they are distributed discretely. In both tables the fair value of the loans are distributed into predefined LTV bracket intervals. Table M4a/b4a and M4b/B4b displays the loans continuously. Table M4c/B4c and M4d/B4d displays the loans discretely. The continuous table(M4a/b4a and M4b/B4b) distributes the loans from the start ltv of the loan to the marginal ltv. This means that, if the loan is first rank, it is distributed proportionaly by bracket size from 0 to the marginal ltv into the predefined brackets. If the loans has prior liens, it is distributed from the marginal ltv of the prior liens to the marginal ltv of the loan under consideration. The discrete table (M4c/b4c and M4d/B4d) distributes the total fair value of each loan into a single ltv bracket, according to the marginal ltv of the loan under consideration. Average LTV is weighted by loan balance categorised by property type. Example 1a below shows a case where the loan is first rank and distributed continuously. Example 1b shows the case where the loans has prior liens and distributed continuously. Example 2 below shows the discrete distribution of a loan.
B15: Frequency of collateral valuation for the purpose of calculating the LTV | C15: Example 1a
C17: Explanation
C18: Example of a proportionaly distribution into LTV brackets for a loan with LTV of 75 pct and a loan size of 1 million and no prior liens.
D20: Loan-to-value (distribution continuously)
C22: 0-19.9 | D22: 20-39.9 | E22: 40-59.9 | F22: 60-69.9 | G22: 70-79.9 | H22: 80-84.9 | I22: 85-89.9 | J22: 90-94.9 | K22: 95-100 | L22: >100
C23: 266666.67 | D23: 266666.67 | E23: 266666.67 | F23: 133333.33 | G23: 66666.67 | H23: - | I23: - | J23: - | K23: - | L23: -
C27: Example 1b
C29: Explanation
C30: Example of a continuous distribution into LTV brackets for a loan with LTV of 75 and a loan size of 1 million
C31: with prior liens consisting of a loan with a LTV of 40 pct.
D33: Loan-to-value (distribution continuously)
C35: 0-19.9 | D35: 20-39.9 | E35: 40-59.9 | F35: 60-69.9 | G35: 70-79.9 | H35: 80-84.9 | I35: 85-89.9 | J35: 90-94.9 | K35: 95-100 | L35: >100
C36: - | D36: - | E36: 571428.57 | F36: 285714.29 | G36: 142857.14 | H36: - | I36: - | J36: - | K36: - | L36: -
C39: Example 2
C41: Explanation
C42: Example of discrete ("Sidste krone") distribution into LTV brackets for a loan with LTV of 75 and a loan size of 1 million
C43: In this example the 1.000.000 is distributed into the 70-79.9 interval because the LTV of the total loan is 75
D47: Loan-to-value (discrete/"Sidste krone" distribution)
C49: 0-19.9 | D49: 20-39.9 | E49: 40-59.9 | F49: 60-69.9 | G49: 70-79.9 | H49: 80-84.9 | I49: 85-89.9 | J49: 90-94.9 | K49: 95-100 | L49: >100
C50: - | D50: - | E50: - | F50: - | G50: 1000000 | H50: - | I50: - | J50: - | K50: - | L50: -
O55: To Contents

Sheet X3 - General explanation
B6: Table X3
B7: General explanation | C7: General practice in Danish market
B8: Table A
B9: Total Balance Sheet Assets | C9: Total balance sheet assets as reported in the interim or annual reports of the issuer, fair value
B10: Total Customer Loans(fair value) | C10: All mortgage credit loans funded by the issue of covered mortgage bonds or mortgage bonds measured at fair value
B11: Tier 1 Ratio (%) | C11: The tier 1 capital ratio as stipulated in DFSA regulations
B12: Solvency Ratio (%) | C12: The solvency ratio as stipulated in DFSA regulations
B13: Outstanding Covered Bonds (fair value) | C13: The circulating amount of covered bonds (including covered mortgage bonds and mortgage bonds)
B14: Outstanding Senior Unsecured Liabilities | C14: All outstanding senior unsecured liabilities including any intra-group senior unsecured liabilities to finance OC- and LTV-ratio requirements
B15: Senior Secured Bonds | C15: Senior secured bonds - formerly known as JCB (§ 15)
B16: Guarantees (e.g. provided by states, municipals, banks) | C16: All guarantees backing the granted loans provided by e.g. states, municipalities or banks
B17: Net loan losses (Net loan losses and net loan loss provisions) | C17: The item taken from the issuer´s profit & loss account
B18: Value of acquired properties / ships (temporary possessions, end quarter) | C18: Value as entered in interim and annual reports and as reported to the DFSA; The lower of the carrying amount at the time of classification and the fair value less selling costs.
B19: Total customer loans (market value) | C19: All mortgage credit loans funded by the issue of covered mortgage bonds or mortgage bonds measured at market value
B20: Maturity | C20: Maturity distribution of all mortgage credit loans
... B24: General explanation | C24: General practice in Danish market
B25: Table G1.1
B26: Nominal cover pool (total value) | C26: Sum of nominal value of covered bonds + Senior secured debt + capital. Capital is: Additional tier 1 capital (e.g. hybrid core capital) and Core tier 1 capital
B27: Overcollateralisation | C27: Total value of cover pool - nominal value of covered bonds
B28: Senior secured debt | C28: Total nominal value of senior secured debt
B29: Senior unsecured debt | C29: Issuers senior unsecured liabilities targeted to finance OC- and LTV-ratio requirements in cover pool
B30: Tier 2 capital | C30: Subordinated debt
B31: Additional tier 1 capital (e.g. hybrid core capital) | C31: Hybrid Tier 1 capital (perpetual debt instruments).
B32: Core tier 1 capital | C32: Equity capital and retained earnings.
B34: General explanation | C34: General practice in Danish market | D34: The issuer can elaborate on the applied balance priciple.
B35: Table G3 | D35: E.g. describe if stricter pratice is applied than required by law
B36: General balance principle | C36: The general balance principle does not require a one-to-one balance between the loan and the bonds issued. This gives the credit institution a wider scope for taking liquidity risk than the more strict specific balance principle.
B37: Specific balance principle | C37: The specific balance principle ensures a one-to-one balance between loans and bonds issued, and is used for the issuance of SDRO, SDO and RO bonds. The specific balance principle de facto implies full cash flow pass through from borrowers to investors. Under this principle daily loan origination is continuously tapped into the market, and the individual borrower loan rate is determined directly by the bond sales price for the corresponding financing amount of bonds. All borrower payments of interest and principal match the interest and principal payments to investors exactly (borrower payments fall due one day prior to the payments to investors). Redemptions take place by borrowers' buy back of the financing bond in the market at market price, or (for callable bonds) by calling the bond at par. In the latter case the borrower prepayment match the bond draw down. Market risks are thus eliminated under this issuance model (i.e. interest rate risk, prepayment risks, liquidity risks and funding risks). Further, asset substitution is not possible under this issuance model.
B39: General explanation | C39: General practice in Danish market
B40: Table G4
B41: One-to-one balance between terms of granted loans and bonds issued, i.e. daily tap issuance? | C41: Mortgage banks issue and sell bonds to investors, who then fund the loans. During the loan terms, borrowers make principal and interest payments to mortgage banks which transfer the amounts to investors. Mortgage banks charge a margin from the borrower to cover daily operating costs, potential losses, and to make a profit. The margin is a percentage of the outstanding debt which the borrower pays throughout the loan term. The margin rate corresponds to the interest margin of a bank but is generally lower. The issuance is made on a daily basis.
B42: Pass-through cash flow from borrowers to investors? | C42: Yes, the mortgage bank is an intermediary between persons requiring loans for the purchase of real properties and investors funding the loans by purchasing bonds.
B43: Asset substitution in cover pool allowed? | C43: No, (due to Danish legislation) asset substitution is not allowed/possible.
B45: General explanation | C45: General practice in Danish market
B46: Table M1-M5
B47: Owner-occupied homes | C47: Private owned residentials used by the owner, Max LTV are 80 % (legislation).
B48: Holiday houses | C48: Holiday houses for owners own use or for renting. Max LTV are 60 % (legislation).
B49: Subsidised Housing | C49: Residential renting subsidesed by the goverment. Max LTV 80 %. LTVs above 80 % can be granted against full govermental guarantee,
B50: Cooperative Housing | C50: Residential property owned and administreted by the coopereative and used by the members of the cooperative. Max LTV 80 % (legislation).
B51: Private rental | C51: Residential property rentes out to private tenants. Max LTV 80 % (legislation).
B52: Manufacturing and Manual Industries | C52: Industrial and manufacture buildings and warehouse for own use or for rent. Max LTV are 60 %(legislation).
B53: Office and Business | C53: Office property and retail buildings for own use or for rent. Max LTV are 60 %(legislation).
B54: Agriculture | C54: Property and land for agricultural use. Max LTV 70 % (legislation).
B55: Social and cultural purposes | C55: Property used for education, kindergardens, museum and other buildings for public use. Max LTV are 70 %(legislation).
B56: Other | C56: Property, that can not be placed in the categories above. Max LTV are 70 %(legislation).
B58: General explanation | C58: General practice in Danish market
B59: Table M6-M8
B60: Index Loans | C60: These are loans where instalments and outstanding debt are adjusted with the development of an index which typically reflects trends in consumer prices. The loan ype was introduced in Denmark in 1982. All Danish index loans have index semi-annual payment dates (January 1st and July 1st). Index loans are offered as cash loans. The maturity depends on the loan type. Especially the maturity for subsidized housing depends on the size of the future inflation rate.
B61: Fixed-rate loans | C61: The long-term – typically 30-year – fixed-rate, callable loan is considered the most traditional mortgage loan. With this loan, the borrower knows in advance the fixed repayments throughout the term of the loan. The long-term fixed-rate mortgage loan has a prepayment option which may be exercised in two ways, i.e. the borrowers may prepay their outstanding debt at a price of 100 (par) or the borrowers may purchase the underlying bonds in the financial markets and deliver them to the mortgage bank. This loan type is also offered with interest-only periods.
B62: Adjustable Rate Mortgages | C62: Adjustable-rate mortgages (ARMs) were introduced in 1996 and the main advantage of ARMs is that interest rates are generally lower than those of fixed-rate loans when raised. The interest rate is generally reset at a frequency of 1, 3, 5 or 10 years and the underlying bonds are replaced by new bonds. The yield of the new bonds determines the loan rate for the period until the next interest rate reset. The lower initial loan rate should therefore be weighed against the risk that it will increase during the loan term. An ARM may be prepaid at a price of 100 in connection with each interest rate reset. Alternatively, the borrower may prepay the loan by purchasing the bonds on market terms – as with all mortgage loans. This loan type is also offered with interest-only periods.
B63: Money market based loans | C63: The loan rate changes at generally three or six months. In addition, this loan type differs from ARMs as this interest rate depends on a reference rate, ie an interest rate determined in another market. The reference rate of DKK-denominated loans is CIBOR (Copenhagen Interbank Offered Rate) or CITA (Copenhagen Interbank Tomorrow/Next Average ), an interest rate which is quoted daily by OMX NASDAQ. This loan type is also offered with interest-only periods.
B64: Non Capped floaters | C64: These are loans where the rate changes at generally three or six months. The reference rate of DKK-denominated loans is CIBOR (Copenhagen Interbank Offered Rate) or CITA (Copenhagen Interbank Tomorrow/Next Average ), an interest rate which is quoted daily by OMX NASDAQ
B65: Capped floaters | C65: It is possible to get a loan with a floating interest rate which cannot exceed a certain level (cap). In this way, the borrower hedges against major interest rate increases. If a loan has a cap of 6%, then the interest rate can never be higher than 6%. The loan rate will track Cibor (or Euribor / Cita), as long as it does not exceed 6%. A floating-rate loan may be prepaid in two ways: either at an agreed price – typically 100 or 105 – or the borrower may buy the underlying bonds at market price.
B66: Other | C66: Any other loan types, which not comply with the above mentioned.
B68: General explanation | C68: General practice in Danish market
B69: Table M9-10
B70: Seasoning | C70: Seasoning defined by duration of customer relationship, calculated from the first disbursement of a mortgage loan.
B72: Further information | C72: Link or information
B73: In 2014 the Danish covered bond legislation was changes in order to address refinancing risk. Please find information via following link | C73: https://finansdanmark.dk/media/8114/Overview_of_the_new_Danish_covered_bond_legislation_addressing_refinancing_risk.pdf
D74: To Contents

Sheet E. Optional ECB-ECAIs data
A1: This addendum is optional
A2: E. Harmonised Transparency Template - Optional ECB - ECAIs Data Disclosure | F2: HTT 2024
B4: Reporting in Domestic Currency | C4: [Please insert currency] | I4: Reason for No Data in Worksheet E. | J4: Value
I5: Not applicable for the jurisdiction | J5: ND1
B6: CONTENT OF TAB E | I6: Not relevant for the issuer and/or CB programme at the present time | J6: ND2
B7: 1. Additional information on the programme | I7: Not available at the present time | J7: ND3
B8: 2. Additional information on the swaps | I8: Confidential | J8: ND4
B9: 3. Additional information on the asset distribution
I10: * Legal Entity Identifier (LEI) finder: http://www.lei-lookup.com/#!search
I11: ** Weighted Average Maturity = Remaining Term to Maturity
A12: Field Number | B12: 1. Additional information on the programme
B13: Transaction Counterparties | C13: Name | D13: Legal Entity Identifier (LEI)*
A14: E.1.1.1 | B14: Sponsor (if applicable) | C14: ND2 | D14: ND2
A15: E.1.1.2 | B15: Servicer | C15: DanskeBankA/S | D15: MAES062Z21O4RZ2U7M96
A16: E.1.1.3 | B16: Back-up servicer | C16: ND2 | D16: ND2
A17: E.1.1.4 | B17: BUS facilitator | C17: ND2 | D17: ND2
A18: E.1.1.5 | B18: Cash manager | C18: DanskeBankA/S | D18: MAES062Z21O4RZ2U7M96
A19: E.1.1.6 | B19: Back-up cash manager | C19: ND2 | D19: ND2
A20: E.1.1.7 | B20: Account bank | C20: DanskeBankA/S | D20: MAES062Z21O4RZ2U7M96
A21: E.1.1.8 | B21: Standby account bank | C21: ND2 | D21: ND2
A22: E.1.1.9 | B22: Account bank guarantor | C22: ND2 | D22: ND2
A23: E.1.1.10 | B23: Trustee | C23: ND2 | D23: ND2
A24: E.1.1.11 | B24: Cover Pool Monitor | C24: DanskeBankA/S | D24: MAES062Z21O4RZ2U7M96
A25: OE.1.1.1 | B25: where applicable - paying agent
A26: OE.1.1.2
A27: OE.1.1.3
A28: OE.1.1.4
A29: OE.1.1.5
A30: OE.1.1.6
A31: OE.1.1.7
A32: OE.1.1.8
B33: 2. Additional information on the swaps
B34: Swap Counterparties | C34: Guarantor (if applicable) | D34: Legal Entity Identifier (LEI)* | E34: Type of Swap
A35: E.2.1.1 | B35: Danske Bank A/S | C35: ND2 | D35: MAES062Z21O4RZ2U7M96 | E35: FX, IRS
A36: E.2.1.2 | B36: Counterparty 2
A37: E.2.1.3 | B37: Counterparty 3
A38: E.2.1.4 | B38: Counterparty 4
A39: E.2.1.5 | B39: Counterparty 5
A40: E.2.1.6 | B40: Counterparty 6
A41: E.2.1.7 | B41: Counterparty 7
A42: E.2.1.8 | B42: Counterparty 8
A43: E.2.1.9 | B43: Counterparty 9
A44: E.2.1.10 | B44: Counterparty 10
A45: E.2.1.11 | B45: Counterparty 11
A46: E.2.1.12 | B46: Counterparty 12
A47: E.2.1.13 | B47: Counterparty 13
... A59: E.2.1.25 | B59: Counterparty 25
A60: OE.2.1.1
A61: OE.2.1.2
A62: OE.2.1.3
A63: OE.2.1.4
A64: OE.2.1.5
A65: OE.2.1.6
A66: OE.2.1.7
A67: OE.2.1.8
A68: OE.2.1.9
A69: OE.2.1.10
A70: OE.2.1.11
A71: OE.2.1.12
A72: OE.2.1.13
B73: 3. Additional information on the asset distribution
B74: 1. General Information | C74: Total Assets
A75: E.3.1.1 | B75: Weighted Average Seasoning (years) | C75: 1.76
A76: E.3.1.2 | B76: Weighted Average Maturity (years)** | C76: 4.42
A77: OE.3.1.1
A78: OE.3.1.2
A79: OE.3.1.3
A80: OE.3.1.4
B81: 2. Arrears | C81: % Residential Loans | D81: % Commercial Loans | E81: % Public Sector Assets | F81: % Shipping Loans | G81: % Total Loans
A82: E.3.2.1 | B82: 1-<30 days | C82: 0.0083 | D82: 0.1747
A83: E.3.2.2 | B83: 30-<60 days | C83: 0 | D83: 0
A84: E.3.2.3 | B84: 60-<90 days | C84: 0 | D84: 0
A85: E.3.2.4 | B85: 90-<180 days | C85: 0 | D85: 0
A86: E.3.2.5 | B86: >= 180 days | C86: 0 | D86: 0
A87: OE.3.2.1
A88: OE.3.2.2
A89: OE.3.2.3
A90: OE.3.2.4

Sheet F1. Sustainable M data
A1: F1. Harmonised Transparency Template - Sustainable Mortgage Data | F1: HTT 2024
B3: Reporting in Domestic Currency | C3: [Please insert currency]
B5: CONTENT OF TAB F1
B6: 1. Share of sustainable loans in the total mortgage program
B7: 2. Additional information on the sustainable section of the mortgage stock
B8: 2A. Sustainable Residential Cover Pool
B9: 2B. Sustainable Commercial Cover Pool
B13: 1. Share of sustainable loans in the total mortgage program
B14: 1. Amount of sustainable loans | C14: Nominal (mn) | D14: Number of loans | F14: % Nominal (mn) to total mortgage program | G14: % No. of Loans to total mortgage program
A15: SM.1.1.1 | B15: EE mortgage loans | F15: =IF(OR('B1. HTT Mortgage Assets'!$C$15=0,C15="[For completion]"),"",C15/'B1. HTT Mortgage Assets'!$C$15) -> 0 | G15: =IF(OR('B1. HTT Mortgage Assets'!$F$28=0,D15="[For completion]"),"",D15/'B1. HTT Mortgage Assets'!$F$28) -> 0
A16: SM.1.1.2 | B16: Social impact mortgage loans | F16: =IF(OR('B1. HTT Mortgage Assets'!$C$15=0,C16="[For completion]"),"",C16/'B1. HTT Mortgage Assets'!$C$15) -> 0 | G16: =IF(OR('B1. HTT Mortgage Assets'!$F$28=0,D16="[For completion]"),"",D16/'B1. HTT Mortgage Assets'!$F$28) -> 0
A17: SM.1.1.3 | B17: other | F17: =IF(OR('B1. HTT Mortgage Assets'!$C$15=0,C17="[For completion]"),"",C17/'B1. HTT Mortgage Assets'!$C$15) -> 0 | G17: =IF(OR('B1. HTT Mortgage Assets'!$F$28=0,D17="[For completion]"),"",D17/'B1. HTT Mortgage Assets'!$F$28) -> 0
A18: SM.1.1.4 | B18: Total sustainable mortgage loans | C18: =SUM(C15:C17) -> 0 | D18: =SUM(D15:D17) -> 0 | F18: =SUM(F15:F17) -> 0 | G18: =SUM(G15:G17) -> 0
A19: OSM.1.1.1 | B19: o/w [If relevant, please specify]
A20: OSM.1.1.2 | B20: o/w [If relevant, please specify]
A21: OSM.1.1.3 | B21: o/w [If relevant, please specify]
A22: OSM.1.1.4 | B22: o/w [If relevant, please specify]
A23: OSM.1.1.5 | B23: o/w [If relevant, please specify]
B24: 2. Additional information on the sustainable section of the mortgage stock
B25: 1. Sustainable Property Type Information | C25: Nominal (mn) | F25: % Total sustainable Mortgages
A26: SM.2.1.1 | B26: Residential | F26: =IF($C$29=0,"",IF(C26="[For completion]","",C26/$C$29))
A27: SM.2.1.2 | B27: Commercial | F27: =IF($C$29=0,"",IF(C27="[For completion]","",C27/$C$29))
A28: SM.2.1.3 | B28: Other | F28: =IF($C$29=0,"",IF(C28="[For completion]","",C28/$C$29))
A29: SM.2.1.4 | B29: Total | C29: =SUM(C26:C28) -> 0 | F29: =SUM(F26:F28) -> 0
A30: OSM.2.1.1 | B30: o/w Forest & Agriculture | F30: =IF($C$29=0,"",IF(C30="[For completion]","",C30/$C$29))
A31: OSM.2.1.2 | B31: o/w EE residential | F31: =IF($C$29=0,"",IF(C31="[For completion]","",C31/$C$29))
A32: OSM.2.1.3 | B32: o/w EE commercial | F32: =IF($C$29=0,"",IF(C32="[For completion]","",C32/$C$29))
A33: OSM.2.1.4 | B33: o/w EE other | F33: =IF($C$29=0,"",IF(C33="[For completion]","",C33/$C$29))
A34: OSM.2.1.5 | B34: EE total | F34: =IF($C$29=0,"",IF(C34="[For completion]","",C34/$C$29))
A35: OSM.2.1.6 | B35: o/w Social residential | F35: =IF($C$29=0,"",IF(C35="[For completion]","",C35/$C$29))
A36: OSM.2.1.7 | B36: o/wSocial Commercial | F36: =IF($C$29=0,"",IF(C36="[For completion]","",C36/$C$29))
A37: OSM.2.1.8 | B37: o/w social other | F37: =IF($C$29=0,"",IF(C37="[For completion]","",C37/$C$29))
A38: OSM.2.1.9 | B38: social tot | F38: =IF($C$29=0,"",IF(C38="[For completion]","",C38/$C$29))
A39: OSM.2.1.10 | B39: o/w Renewable Energy and Renewable Energy Transmission
A40: OSM.2.1.11 | B40: o/w [If relevant, please specify]
A41: OSM.2.1.12 | B41: o/w [If relevant, please specify]
A42: OSM.2.1.13 | B42: o/w [If relevant, please specify]
A43: OSM.2.1.14 | B43: o/w [If relevant, please specify]
A44: OSM.2.1.15 | B44: o/w [If relevant, please specify]
A45: OSM.2.1.16 | B45: o/w [If relevant, please specify]
A46: OSM.2.1.17 | B46: o/w [If relevant, please specify]
A47: OSM.2.1.18 | B47: o/w [If relevant, please specify]
B48: 2. General Information | C48: Residential Loans | D48: Commercial Loans | F48: Total sustainable Mortgages
A49: SM.2.2.1 | B49: Number of sustainable mortgage loans
A50: OSM.2.2.1 | B50: Optional information eg, Number of borrowers
A51: OSM.2.2.2 | B51: Optional information eg, Number of guarantors
A52: OSM.2.2.3
A53: OSM.2.2.4
A54: OSM.2.2.5
A55: OSM.2.2.6
B56: 3. Concentration Risks | C56: % Residential Loans | D56: % Commercial Loans | F56: % Total Sustainable Mortgages
A57: SM.2.3.1 | B57: 10 largest exposures
A58: OSM.2.3.1
A59: OSM.2.3.2
A60: OSM.2.3.3
A61: OSM.2.3.4
A62: OSM.2.3.5
A63: OSM.2.3.6
B64: 4. Breakdown by Geography | C64: % Residential Loans | D64: % Commercial Loans | F64: % Total Sustainable Mortgages
A65: SM.2.4.1 | B65: European Union | C65: =SUM(C66:C92) -> 0 | D65: =SUM(D66:D92) -> 0 | F65: =SUM(F66:F92) -> 0
A66: SM.2.4.2 | B66: Austria
A67: SM.2.4.3 | B67: Belgium
A68: SM.2.4.4 | B68: Bulgaria
A69: SM.2.4.5 | B69: Croatia
A70: SM.2.4.6 | B70: Cyprus
A71: SM.2.4.7 | B71: Czechia
A72: SM.2.4.8 | B72: Denmark
A73: SM.2.4.9 | B73: Estonia
A74: SM.2.4.10 | B74: Finland
A75: SM.2.4.11 | B75: France
A76: SM.2.4.12 | B76: Germany
A77: SM.2.4.13 | B77: Greece
... A92: SM.2.4.28 | B92: Sweden
A93: SM.2.4.29 | B93: European Economic Area (not member of EU) | C93: =SUM(C94:C96) -> 0 | D93: =SUM(D94:D96) -> 0 | F93: =SUM(F94:F96) -> 0
A94: SM.2.4.30 | B94: Iceland
A95: SM.2.4.31 | B95: Liechtenstein
A96: SM.2.4.32 | B96: Norway
A97: SM.2.4.33 | B97: Other | C97: =SUM(C98:C108) -> 0 | D97: =SUM(D98:D108) -> 0 | F97: =SUM(F98:F108) -> 0
A98: SM.2.4.34 | B98: Switzerland
A99: SM.2.4.35 | B99: United Kingdom
A100: SM.2.4.36 | B100: Australia
A101: SM.2.4.37 | B101: Brazil
A102: SM.2.4.38 | B102: Canada
A103: SM.2.4.39 | B103: Japan
A104: SM.2.4.40 | B104: Korea
A105: SM.2.4.41 | B105: New Zealand
A106: SM.2.4.42 | B106: Singapore
A107: SM.2.4.43 | B107: US
A108: SM.2.4.44 | B108: Other
A109: SM.2.4.45 | B109: o/w [If relevant, please specify]
... A118: SM.2.4.54 | B118: o/w [If relevant, please specify]
B119: 5. Breakdown by regions of main country of origin | C119: % Residential Loans | D119: % Commercial Loans | F119: % Total Mortgages
A120: SM.2.5.1 | B120: TBC at a country level
A121: SM.2.5.2 | B121: TBC at a country level
A122: SM.2.5.3 | B122: TBC at a country level
A123: SM.2.5.4 | B123: TBC at a country level
A124: SM.2.5.5 | B124: TBC at a country level
A125: SM.2.5.6 | B125: TBC at a country level
A126: SM.2.5.7 | B126: TBC at a country level
A127: SM.2.5.8 | B127: TBC at a country level
...

Sheet G1. Crisis M Payment Holidays
A1: This addendum is optional
A2: G1. Crisis Mortgage Payment Holidays | F2: HTT 2024
B5: Reporting in Domestic Currency | C5: [Please insert currency] | E5: For further information concerning the nation-specific dispositions regarging the impact of the Covid 19 outbreak on cover pools, please refer to the: | G5: COVID-19: EMF-ECBC Response
B7: CONTENT OF Temporary Tab | E7: Optional further information at issuer/country level
B8: 1. Share of assets affected by payment holidays caused by COVID 19
B9: 2. Additional information on the cover pool section affected by payment holidays
E13: Can the COVID-19 related payment holiday loans remain part of the cover pool? | G13: [YES/NO] (cancel what is not relevant)
B15: 1. Share of cover assets affected at the time of reporting by payment holidays caused exclusively by COVID 19
B16: 1. Breakdown of payment holiday | C16: Nominal (mn) | D16: Number of loans | F16: % Nominal (mn) to total cover pool | G16: % No. of Loans to total cover pool
A17: COV.1.1.1 | B17: payment holiday granted | F17: =IF(OR('B1. HTT Mortgage Assets'!$C$15=0,C17="[For completion]"),"",C17/'B1. HTT Mortgage Assets'!$C$15) -> 0 | G17: =IF(OR('B1. HTT Mortgage Assets'!$F$28=0,D17="[For completion]"),"",D17/'B1. HTT Mortgage Assets'!$F$28) -> 0
A18: OCOV.1.1.2
A19: OCOV.1.1.3
B20: 2. Additional information on the cover pool section affected by payment holidays
B21: 1. types of granted payment holiday (original duration) | C21: 1 month | D21: 2 months | E21: 3 months | F21: 4 to 6 months | G21: over 6 months | H21: total
B22: in % nominal (mn) of affected notional amount to total cover pool
A23: COV.2.1.1 | B23: principal & interest deferred | H23: =SUM(C23:G23) -> 0
A24: COV.2.1.2 | B24: principal deferred | H24: =SUM(C24:G24) -> 0
A25: COV.2.1.3 | B25: other | H25: =SUM(C25:G25) -> 0
A26: COV.2.1.4 | B26: Total payment holiday | C26: =SUM(C23:C25)+SUM(C27:C32) -> 0 | D26: =SUM(D23:D25)+SUM(D27:D32) -> 0 | E26: =SUM(E23:E25)+SUM(E27:E32) -> 0 | F26: =SUM(F23:F25)+SUM(F27:F32) -> 0 | G26: =SUM(G23:G25)+SUM(G27:G32) -> 0 | H26: =SUM(H23:H25) -> 0
A27: OCOV.2.1.5 | B27: [please insert here mortgages with extended moratoria] | H27: =IF(SUM(C27:G27)="","",SUM(C27:G27)) -> 0
A28: OCOV.2.1.6 | B28: [please insert here mortgages with extended moratoria] | H28: =IF(SUM(C28:G28)="","",SUM(C28:G28)) -> 0
A29: OCOV.2.1.7 | B29: [please insert here mortgages with extended moratoria] | H29: =IF(SUM(C29:G29)="","",SUM(C29:G29)) -> 0
A30: OCOV.2.1.8 | B30: [please insert here mortgages with extended moratoria] | H30: =IF(SUM(C30:G30)="","",SUM(C30:G30)) -> 0
A31: OCOV.2.1.9 | B31: [please insert here mortgages with extended moratoria]
A32: OCOV.2.1.10 | B32: [please insert here mortgages with extended moratoria]

Sheet E.g. General

Sheet E.g. Other
